Workbook

Sheet RESUMO DA OBRA
A1: #VALUE!
A2: SECRETARIA MUNICIPAL DE DESENVOLVIMENTO ECONÔMICO, PROJETOS E CONVÊNIOS
A4: OBRA: REQUALIFICAÇÃO URBANA NO BAIRRO CASTANHEIRA
A5: LOCAL: BAIRRO CASTANHEIRA-BREVES-PA
A6: REF. DE PREÇOS: SEOP 10/2025 - ORSE 09/2025 - SINAPI 09/2025 - NÃO DESONERADO
A8: ORÇAMENTO RESUMIDO
A9: ITEM | B9: DESCRIÇÃO | C9: TOTAL | D9: PESO (%)
A10: 1 | B10: =ORÇAMENTO!D10 -> PRAÇA POLIESPORTIVA | C10: =ORÇAMENTO!I10 -> 681669.64 | D10: =C10/$C$28 -> 0.6911835
A11: 1.1 | B11: =ORÇAMENTO!D11 -> SERVIÇOS PRELIMINARES | C11: =ORÇAMENTO!I11 -> 92275.72 | D11: =C11/$C$28 -> 0.093563584
A12: 1.2 | B12: =ORÇAMENTO!D15 -> MOVIMENTO DE TERRA | C12: =ORÇAMENTO!I15 -> 79681.89 | D12: =C12/$C$28 -> 0.080793986
A13: 1.3 | B13: =ORÇAMENTO!D19 -> MEIO FIO | C13: =ORÇAMENTO!I19 -> 14781.31 | D13: =C13/$C$28 -> 0.014987608
A14: 1.4 | B14: =ORÇAMENTO!D21 -> QUADRAS POLIESPORTIVA | C14: =ORÇAMENTO!I21 -> 281667.05 | D14: =C14/$C$28 -> 0.28559819
A15: 1.5 | B15: =ORÇAMENTO!D43 -> PASSEIO | C15: =ORÇAMENTO!I43 -> 66955.52 | D15: =C15/$C$28 -> 0.067889998
A16: 1.6 | B16: =ORÇAMENTO!D47 -> INSTALAÇÕES ELÉTRICAS | C16: =ORÇAMENTO!I47 -> 91550.24 | D16: =C16/$C$28 -> 0.092827979
A17: 1.7 | B17: =ORÇAMENTO!D65 -> PLAYGROUND | C17: =ORÇAMENTO!I65 -> 24152.3 | D17: =C17/$C$28 -> 0.024489386
A18: 1.8 | B18: =ORÇAMENTO!D69 -> DIVERSOS | C18: =ORÇAMENTO!I69 -> 25888.08 | D18: =C18/$C$28 -> 0.026249392
A19: 1.9 | B19: =ORÇAMENTO!D75 -> LIMPEZA E ENTREGA DA OBRA | C19: =ORÇAMENTO!I75 -> 4717.53 | D19: =C19/$C$28 -> 0.0047833711
A20: 2 | B20: =ORÇAMENTO!D77 -> PAVIMENTAÇÃO DA RUA FRANCISCO JOSÉ DA ROCHA 2 | C20: =ORÇAMENTO!I77 -> 304565.77 | D20: =C20/$C$28 -> 0.3088165
A21: 2.1 | B21: =ORÇAMENTO!D78 -> SERVIÇOS PRELIMINARES | C21: =ORÇAMENTO!I78 -> 3959.61 | D21: =C21/$C$28 -> 0.0040148731
A22: 2.2 | B22: =ORÇAMENTO!D82 -> MOVIMENTAÇÃO DE TERRA | C22: =ORÇAMENTO!I82 -> 37714.46 | D22: =C22/$C$28 -> 0.038240829
A23: 2.3 | B23: =ORÇAMENTO!D87 -> DRENAGEM | C23: =ORÇAMENTO!I87 -> 58163 | D23: =C23/$C$28 -> 0.058974763
A24: 2.4 | B24: =ORÇAMENTO!D94 -> PAVIMENTAÇÃO | C24: =ORÇAMENTO!I94 -> 191485.94 | D24: =C24/$C$28 -> 0.19415845
A25: 2.5 | B25: =ORÇAMENTO!D96 -> SINALIZAÇÃO VIÁRIA | C25: =ORÇAMENTO!I96 -> 6053.56 | D25: =C25/$C$28 -> 0.0061380477
A26: 2.6 | B26: =ORÇAMENTO!D99 -> LIMPEZA FINAL DA OBRA | C26: =ORÇAMENTO!I99 -> 7189.2 | D26: =C26/$C$28 -> 0.0072895375
A28: Total Geral | C28: =SUM(C10,C20) -> 986235.41 | D28: =SUM(D10,D20) -> 1
A29: =ORÇAMENTO!A102 -> Valor total desta planilha: R$ 986.235,41 (Novecentos e oitenta e seis mil, duzentos e trinta e cinco reais e quarenta e um centavos)

Sheet ORÇAMENTO
A1: #VALUE!
A2: SECRETARIA MUNICIPAL DE DESENVOLVIMENTO ECONÔMICO, PROJETOS E CONVÊNIOS
A4: OBRA: REQUALIFICAÇÃO URBANA NO BAIRRO CASTANHEIRA | I4: BDI: | J4: =BDI!E34 -> 0.2338
A5: LOCAL: BAIRRO CASTANHEIRA-BREVES-PA | I5: PRAZO DE EXECUÇÃO: | J5: 150 DIAS
A6: REF. DE PREÇOS: SEOP 10/2025 - ORSE 09/2025 - SINAPI 09/2025 - NÃO DESONERADO | H6: VALOR TOTAL: | I6: =H101 -> 986235.41
A8: PLANILHA ORÇAMENTÁRIA DE SERVIÇOS
A9: Item | B9: Código | C9: Banco | D9: Descrição | E9: Und | F9: Quant. | G9: Valor Unit | H9: Valor Unit com BDI | I9: Total | J9: Peso (%)
A10: 1 | D10: PRAÇA POLIESPORTIVA | F10: 1 | H10: 681669.64 | I10: 681669.64 | J10: 0.6911835
A11: 1.1 | D11: SERVIÇOS PRELIMINARES | F11: 1 | H11: 92275.72 | I11: 92275.72 | J11: 0.093563584
A12: 1.1.1 | B12: 011340 | C12: SEDOP | D12: Placa de obra em lona com plotagem de gráfica | E12: m² | F12: 6 | G12: 188.16 | H12: 232.15 | I12: 1392.9 | J12: 0.0014123403
A13: 1.1.2 | B13: 010003 | C13: SEDOP | D13: Tapume c/ chapa de madeirit plastificado e=15mm (h=2.20m) | E13: m² | F13: 399.54 | G13: 175.81 | H13: 216.91 | I13: 86664.22 | J13: 0.087873766
A14: 1.1.3 | B14: 010005 | C14: SEDOP | D14: Barracão de madeira/Almoxarifado | E14: m² | F14: 6 | G14: 569.87 | H14: 703.1 | I14: 4218.6 | J14: 0.0042774777
A15: 1.2 | D15: MOVIMENTO DE TERRA | F15: 1 | H15: 79681.89 | I15: 79681.89 | J15: 0.080793986
A16: 1.2.1 | B16: 98525 | C16: SINAPI | D16: LIMPEZA MECANIZADA DE CAMADA VEGETAL, VEGETAÇÃO E PEQUENAS ÁRVORES (DIÂMETRO DE TRONCO MENOR QUE 0,20 M), COM TRATOR DE ESTEIRAS. AF_03/2024 | E16: m² | F16: 1197 | G16: 0.67 | H16: 0.82 | I16: 981.54 | J16: 0.00099523906
A17: 1.2.2 | B17: COMPOSIÇÃO 01 | C17: Próprio | D17: ATERRO INCLUINDO CARGA, DESCARGA E TRANSPORTE | E17: m³ | F17: 478.8 | G17: 126.6 | H17: 156.19 | I17: 74783.77 | J17: 0.075827505
A18: 1.2.3 | B18: 96386 | C18: SINAPI | D18: EXECUÇÃO E COMPACTAÇÃO DE CORPO DE ATERRO (95% DE ENERGIA DO PROCTOR NORMAL) COM SOLO PREDOMINANTEMENTE ARENOSO ESPESSURA 15CM - EXCLUSIVE MATERIAL, ESCAVAÇÃO, CARGA E TRANSPORTE. AF_09/2024 | E18: m³ | F18: 478.8 | G18: 6.63 | H18: 8.18 | I18: 3916.58 | J18: 0.0039712425
A19: 1.3 | D19: MEIO FIO | F19: 1 | H19: 14781.31 | I19: 14781.31 | J19: 0.014987608
A20: 1.3.1 | B20: 94268 | C20: SINAPI | D20: GUIA (MEIO-FIO) E SARJETA CONJUGADOS DE CONCRETO, MOLDADA IN LOCO EM TRECHO CURVO COM EXTRUSORA, 45 CM BASE (15 CM BASE DA GUIA + 30 CM BASE DA SARJETA) X 22 CM ALTURA. AF_01/2024 | E20: M | F20: 159.11 | G20: 75.3 | H20: 92.9 | I20: 14781.31 | J20: 0.014987608
A21: 1.4 | D21: QUADRAS POLIESPORTIVA | F21: 1 | H21: 281667.05 | I21: 281667.05 | J21: 0.28559819
A22: 1.4.1 | D22: QUADRA SOCIETY | F22: 1 | H22: 81472 | I22: 81472 | J22: 0.08260908
A23: 1.4.1.1 | B23: 10042 | C23: ORSE | D23: Fornecimento e instalação de grama sintética 42mm, alta durabilidade, cor verde, proteção raios UV e luz solar, incluso cola, type, areia tratada, borracha e mão de obra especializada | E23: m² | F23: 475 | G23: 61.9 | H23: 76.37 | I23: 36275.75 | J23: 0.03678204
A24: 1.4.1.2 | B24: 100324 | C24: SINAPI | D24: LASTRO COM MATERIAL GRANULAR (PEDRA BRITADA N.1 E PEDRA BRITADA N.2), APLICADO EM PISOS OU LAJES SOBRE SOLO, ESPESSURA DE *10 CM*. AF_01/2024 | E24: m³ | F24: 28.5 | G24: 361.08 | H24: 445.5 | I24: 12696.75 | J24: 0.012873955
A25: 1.4.1.3 | B25: 11798 | C25: ORSE | D25: Piso em concreto simples desempolado, fck = 15 MPa, e = 7 cm, com forma em quadros 2,0x2,0m, para juntas de concretagem - tres usos | E25: m² | F25: 475 | G25: 55.46 | H25: 68.42 | I25: 32499.5 | J25: 0.032953086
A26: 1.4.2 | D26: QUADRA DE AREIA | F26: 1 | H26: 38865.26 | I26: 38865.26 | J26: 0.039407691
A27: 1.4.2.1 | B27: 102664 | C27: SINAPI | D27: DRENO SUBSUPERFICIAL (SEÇÃO 0,40 X 0,40 M), CEGO, ENCHIMENTO DE BRITA, ENVOLVIDO COM MANTA GEOTÊXTIL. AF_07/2021 | E27: M | F27: 48 | G27: 79.38 | H27: 97.93 | I27: 4700.64 | J27: 0.0047662454
A28: 1.4.2.2 | B28: 100324 | C28: SINAPI | D28: LASTRO COM MATERIAL GRANULAR (PEDRA BRITADA N.1 E PEDRA BRITADA N.2), APLICADO EM PISOS OU LAJES SOBRE SOLO, ESPESSURA DE *10 CM*. AF_01/2024 | E28: m³ | F28: 41.6 | G28: 361.08 | H28: 445.5 | I28: 18532.8 | J28: 0.018791457
A29: 1.4.2.3 | B29: 100323 | C29: SINAPI | D29: LASTRO COM MATERIAL GRANULAR (AREIA MÉDIA), APLICADO EM PISOS OU LAJES SOBRE SOLO, ESPESSURA DE *10 CM*. AF_01/2024 | E29: m³ | F29: 62.4 | G29: 203.04 | H29: 250.51 | I29: 15631.82 | J29: 0.015849989
A30: 1.4.3 | D30: ALAMBRADO | F30: 1 | H30: 161329.79 | I30: 161329.79 | J30: 0.16358142
A31: 1.4.3.1 | B31: 93358 | C31: SINAPI | D31: ESCAVAÇÃO MANUAL DE VALA. AF_09/2024 | E31: m³ | F31: 2.97 | G31: 92.88 | H31: 114.59 | I31: 340.33 | J31: 0.00034507988
A32: 1.4.3.2 | B32: 040285 | C32: SEDOP | D32: Baldrame em concreto simples com seixo inclusive forma madeira branca | E32: m³ | F32: 7.1 | G32: 1969.23 | H32: 2429.63 | I32: 17250.37 | J32: 0.017491128
A33: 1.4.3.3 | B33: 051172 | C33: SEDOP | D33: Concreto armado FCK=25MPA com forma aparente - 1 reaproveitamento | E33: m³ | F33: 0.74 | G33: 3735.42 | H33: 4608.76 | I33: 3410.48 | J33: 0.003458079
A34: 1.4.3.4 | B34: 103335 | C34: SINAPI | D34: ALVENARIA DE VEDAÇÃO DE BLOCOS CERÂMICOS FURADOS NA HORIZONTAL DE 14X9X19 CM (ESPESSURA 14 CM, BLOCO DEITADO) E ARGAMASSA DE ASSENTAMENTO COM PREPARO MANUAL. AF_12/2021 | E34: m² | F34: 43.14 | G34: 158.07 | H34: 195.02 | I34: 8413.16 | J34: 0.0085305799
A35: 1.4.3.5 | B35: 87878 | C35: SINAPI | D35: CHAPISCO APLICADO EM ALVENARIAS E ESTRUTURAS DE CONCRETO INTERNAS, COM COLHER DE PEDREIRO. ARGAMASSA TRAÇO 1:3 COM PREPARO MANUAL. AF_10/2022 | E35: m² | F35: 86.28 | G35: 5.73 | H35: 7.06 | I35: 609.13 | J35: 0.00061763144
A36: 1.4.3.6 | B36: 87530 | C36: SINAPI | D36: MASSA ÚNICA, EM ARGAMASSA TRAÇO 1:2:8, PREPARO MANUAL, APLICADA MANUALMENTE EM PAREDES INTERNAS DE AMBIENTES COM ÁREA ENTRE 5M² E 10M², E = 17,5MM, COM TALISCAS. AF_03/2024 | E36: m² | F36: 86.28 | G36: 48.33 | H36: 59.62 | I36: 5144.01 | J36: 0.0052158034
A37: 1.4.3.7 | B37: 102363 | C37: SINAPI | D37: ALAMBRADO PARA QUADRA POLIESPORTIVA, ESTRUTURADO POR TUBOS DE ACO GALVANIZADO, (MONTANTES COM DIAMETRO 2", TRAVESSAS E ESCORAS COM DIÂMETRO 1 ¼"), COM TELA DE ARAME GALVANIZADO, FIO 12 BWG E MALHA QUADRADA 5X5CM (EXCETO MURETA). AF_03/2021 | E37: m² | F37: 358.26 | G37: 187.87 | H37: 231.79 | I37: 83041.08 | J37: 0.084200059
A38: 1.4.3.8 | B38: 88489 | C38: SINAPI | D38: PINTURA LÁTEX ACRÍLICA PREMIUM, APLICAÇÃO MANUAL EM PAREDES, DUAS DEMÃOS. AF_04/2023 | E38: m² | F38: 86.28 | G38: 14.04 | H38: 17.32 | I38: 1494.36 | J38: 0.0015152163
A39: 1.4.3.9 | B39: 100759 | C39: SINAPI | D39: PINTURA COM TINTA ALQUÍDICA DE ACABAMENTO (ESMALTE SINTÉTICO BRILHANTE) PULVERIZADA SOBRE SUPERFÍCIES METÁLICAS (EXCETO PERFIL) EXECUTADO EM OBRA (02 DEMÃOS). AF_01/2020_PE | E39: m² | F39: 358.26 | G39: 51.5 | H39: 63.54 | I39: 22763.84 | J39: 0.023081548
A40: 1.4.3.10 | B40: 1900 | C40: ORSE | D40: Fornecimento e instalação de rede de proteção em nylon malha 10 x 10 cm para quadra de esporte | E40: m² | F40: 698.83 | G40: 20 | H40: 24.67 | I40: 17240.13 | J40: 0.017480745
A41: 1.4.3.11 | B41: 13188 | C41: ORSE | D41: Fornecimento de grampo para cabo de aço 1/8" | E41: un | F41: 8 | G41: 1.65 | H41: 2.03 | I41: 16.24 | J41: 1.6466657e-05
A42: 1.4.3.12 | B42: 13175 | C42: ORSE | D42: Cabo de aço galvanizado 1/8" - Rev 01_03/2022 | E42: m | F42: 114.68 | G42: 11.36 | H42: 14.01 | I42: 1606.66 | J42: 0.0016290837
A43: 1.5 | D43: PASSEIO | F43: 1 | H43: 66955.52 | I43: 66955.52 | J43: 0.067889998
A44: 1.5.1 | B44: 93679 | C44: SINAPI | D44: EXECUÇÃO DE PASSEIO EM PISO INTERTRAVADO, COM BLOCO RETANGULAR COLORIDO DE 20 X 10 CM, ESPESSURA 6 CM. AF_10/2022 | E44: m² | F44: 395 | G44: 109.97 | H44: 135.68 | I44: 53593.6 | J44: 0.05434159
A45: 1.5.2 | B45: 101747 | C45: SINAPI | D45: PISO EM CONCRETO 20 MPA PREPARO MECÂNICO, ESPESSURA 7CM. AF_09/2020 | E45: m² | F45: 53 | G45: 98.63 | H45: 121.68 | I45: 6449.04 | J45: 0.0065390473
A46: 1.5.3 | B46: 104658 | C46: SINAPI | D46: PISO PODOTÁTIL DE ALERTA OU DIRECIONAL, DE CONCRETO, ASSENTADO SOBRE ARGAMASSA. AF_03/2024 | E46: m² | F46: 33.9 | G46: 165.28 | H46: 203.92 | I46: 6912.88 | J46: 0.007009361
A47: 1.6 | D47: INSTALAÇÕES ELÉTRICAS | F47: 1 | H47: 91550.24 | I47: 91550.24 | J47: 0.092827979
A48: 1.6.1 | B48: 101881 | C48: SINAPI | D48: QUADRO DE DISTRIBUIÇÃO DE ENERGIA EM CHAPA DE AÇO GALVANIZADO, DE EMBUTIR, COM BARRAMENTO TRIFÁSICO, PARA 40 DISJUNTORES DIN 100A - FORNECIMENTO E INSTALAÇÃO. AF_10/2020 | E48: UN | F48: 1 | G48: 869.42 | H48: 1072.69 | I48: 1072.69 | J48: 0.0010876612
A49: 1.6.2 | B49: 13150 | C49: ORSE | D49: Dispositivo de proteção contra surto de tensão DPS 20kA - 175v | E49: un | F49: 4 | G49: 73.42 | H49: 90.58 | I49: 362.32 | J49: 0.00036737679
A50: 1.6.3 | B50: 170388 | C50: SEDOP | D50: Disjuntor 3P - 10 a 50A - PADRÃO DIN | E50: un | F50: 1 | G50: 301.6 | H50: 372.11 | I50: 372.11 | J50: 0.00037730343
A51: 1.6.4 | B51: 170326 | C51: SEDOP | D51: Disjuntor 1P - 6 a 32A - PADRÃO DIN | E51: un | F51: 27 | G51: 26.44 | H51: 32.62 | I51: 880.74 | J51: 0.00089303222
A52: 1.6.5 | B52: 12808 | C52: ORSE | D52: Refletor Slim LED 200W de potência, branco Frio, 6500k, Autovolt, marca G-light ou similar | E52: un | F52: 12 | G52: 125.9 | H52: 155.33 | I52: 1863.96 | J52: 0.0018899747
A53: 1.6.6 | B53: 96985 | C53: SINAPI | D53: HASTE DE ATERRAMENTO, DIÂMETRO 5/8", COM 3 METROS - FORNECIMENTO E INSTALAÇÃO. AF_08/2023 | E53: UN | F53: 6 | G53: 80.52 | H53: 99.34 | I53: 596.04 | J53: 0.00060435875
A54: 1.6.7 | B54: 72253 | C54: SINAPI | D54: CABO DE COBRE NU 35MM2 - FORNECIMENTO E INSTALACAO | E54: M | F54: 25 | G54: 54.9 | H54: 67.73 | I54: 1693.25 | J54: 0.0017168822
A55: 1.6.8 | B55: 97668 | C55: SINAPI | D55: ELETRODUTO FLEXÍVEL CORRUGADO, PEAD, DN 63 (2"), PARA REDE ENTERRADA DE DISTRIBUIÇÃO DE ENERGIA ELÉTRICA - FORNECIMENTO E INSTALAÇÃO. AF_12/2021 | E55: M | F55: 300 | G55: 14.03 | H55: 17.31 | I55: 5193 | J55: 0.0052654771
A56: 1.6.9 | B56: 170078 | C56: SEDOP | D56: Eletroduto PVC Rígido de 1" | E56: m | F56: 81 | G56: 19.45 | H56: 23.99 | I56: 1943.19 | J56: 0.0019703105
A57: 1.6.10 | B57: 1304 | C57: ORSE | D57: Luva de pvc rígido roscável diâm = 1" | E57: un | F57: 15 | G57: 9.71 | H57: 11.98 | I57: 179.7 | J57: 0.00018220802
A58: 1.6.11 | B58: 91930 | C58: SINAPI | D58: CABO DE COBRE FLEXÍVEL ISOLADO, 6 MM², ANTI-CHAMA 450/750 V, PARA CIRCUITOS TERMINAIS - FORNECIMENTO E INSTALAÇÃO. AF_03/2023 | E58: M | F58: 1400 | G58: 10.45 | H58: 12.89 | I58: 18046 | J58: 0.018297863
A59: 1.6.12 | B59: 91928 | C59: SINAPI | D59: CABO DE COBRE FLEXÍVEL ISOLADO, 4 MM², ANTI-CHAMA 450/750 V, PARA CIRCUITOS TERMINAIS - FORNECIMENTO E INSTALAÇÃO. AF_03/2023 | E59: M | F59: 400 | G59: 7.46 | H59: 9.2 | I59: 3680 | J59: 0.0037313606
... A64: 1.6.17 | B64: 171059 | C64: SEDOP | D64: Rele fotoeletrico | E64: un | F64: 11 | G64: 126.64 | H64: 156.24 | I64: 1718.64 | J64: 0.0017426265
A65: 1.7 | D65: PLAYGROUND | F65: 1 | H65: 24152.3 | I65: 24152.3 | J65: 0.024489386
A66: 1.7.1 | B66: 103781 | C66: SINAPI | D66: PISO DE GRAMA SINTÉTICA PARA QUADRA POLIESPORTIVA - FORNECIMENTO E INSTALAÇÃO. AF_03/2022 | E66: m² | F66: 66 | G66: 19.17 | H66: 23.65 | I66: 1560.9 | J66: 0.001582685
A67: 1.7.2 | B67: 13086 | C67: ORSE | D67: Brinquedo - Gangorra Dupla, modelo M119, da Lúdico Brinquedos Inteligentes ousimilar | E67: un | F67: 1 | G67: 1760 | H67: 2171.48 | I67: 2171.48 | J67: 0.0022017867
A68: 1.7.3 | B68: 7783 | C68: ORSE | D68: Brinquedo em madeira roliça para parque com duas escorregadeira de madeira conforme projeto | E68: un | F68: 2 | G68: 8275.22 | H68: 10209.96 | I68: 20419.92 | J68: 0.020704915
A69: 1.8 | D69: DIVERSOS | F69: 1 | H69: 25888.08 | I69: 25888.08 | J69: 0.026249392
A70: 1.8.1 | B70: 2408 | C70: ORSE | D70: Trave para campo de futebol soçaite, desmontável | E70: par | F70: 1 | G70: 2610.06 | H70: 3220.29 | I70: 3220.29 | J70: 0.0032652346
A71: 1.8.2 | B71: 103765 | C71: SINAPI | D71: PAR DE POSTES E REDE DE VÔLEI - FORNECIMENTO E INSTALAÇÃO. AF_03/2022 | E71: UN | F71: 1 | G71: 2420.5 | H71: 2986.41 | I71: 2986.41 | J71: 0.0030280904
A72: 1.8.3 | B72: 98517 | C72: SINAPI | D72: PLANTIO DE PALMEIRA COM ALTURA DE MUDA MAIOR QUE 2,00 M E MENOR OU IGUAL A 4,00 M. AF_07/2024 | E72: UN | F72: 4 | G72: 233.5 | H72: 288.09 | I72: 1152.36 | J72: 0.0011684431
A73: 1.8.4 | B73: COMPOSIÇÃO 02 | C73: Próprio | D73: MESA DE PRAÇA EM MADEIRA, INTEGRADA COM BANCOS | E73: un | F73: 4 | G73: 2000 | H73: 2467.6 | I73: 9870.4 | J73: 0.010008158
A74: 1.8.5 | B74: 3226 | C74: ORSE | D74: Banco de concreto em alvenaria de tijolos, assento em concreto armado, sem encosto, pintado com tinta acrílica, 2 demãos | E74: m | F74: 33.77 | G74: 207.82 | H74: 256.4 | I74: 8658.62 | J74: 0.0087794657
A75: 1.9 | D75: LIMPEZA E ENTREGA DA OBRA | F75: 1 | H75: 4717.53 | I75: 4717.53 | J75: 0.0047833711
A76: 1.9.1 | B76: 99811 | C76: SINAPI | D76: LIMPEZA DE CONTRAPISO COM VASSOURA A SECO. AF_04/2019 | E76: m² | F76: 989 | G76: 3.87 | H76: 4.77 | I76: 4717.53 | J76: 0.0047833711
A77: 2 | D77: PAVIMENTAÇÃO DA RUA FRANCISCO JOSÉ DA ROCHA 2 | F77: 1 | H77: 304565.77 | I77: 304565.77 | J77: 0.3088165
A78: 2.1 | D78: SERVIÇOS PRELIMINARES | F78: 1 | H78: 3959.61 | I78: 3959.61 | J78: 0.0040148731
A79: 2.1.1 | B79: 103689 | C79: SINAPI | D79: FORNECIMENTO E INSTALAÇÃO DE PLACA DE OBRA COM CHAPA GALVANIZADA E ESTRUTURA DE MADEIRA. AF_03/2022_PS | E79: m² | F79: 4.5 | G79: 468.64 | H79: 578.2 | I79: 2601.9 | J79: 0.0026382139
A80: 2.1.2 | B80: 98525 | C80: SINAPI | D80: LIMPEZA MECANIZADA DE CAMADA VEGETAL, VEGETAÇÃO E PEQUENAS ÁRVORES (DIÂMETRO DE TRONCO MENOR QUE 0,20 M), COM TRATOR DE ESTEIRAS. AF_03/2024 | E80: m² | F80: 1507.17 | G80: 0.67 | H80: 0.82 | I80: 1235.87 | J80: 0.0012531187
A81: 2.1.3 | B81: 99064 | C81: SINAPI | D81: LOCAÇÃO DE PAVIMENTAÇÃO. AF_10/2018 | E81: M | F81: 229.89 | G81: 0.43 | H81: 0.53 | I81: 121.84 | J81: 0.00012354048
A82: 2.2 | D82: MOVIMENTAÇÃO DE TERRA | F82: 1 | H82: 37714.46 | I82: 37714.46 | J82: 0.038240829
A83: 2.2.1 | B83: 90106 | C83: SINAPI | D83: ESCAVAÇÃO MECANIZADA DE VALA COM PROFUNDIDADE ATÉ 1,5 M (MÉDIA MONTANTE E JUSANTE/UMA COMPOSIÇÃO POR TRECHO), RETROESCAV. (0,26 M3), LARGURA DE 0,8 M A 1,5 M, EM SOLO DE 1A CATEGORIA, LOCAIS COM BAIXO NÍVEL DE INTERFERÊNCIA. AF_09/2024 | E83: m³ | F83: 20.4 | G83: 8.38 | H83: 10.33 | I83: 210.73 | J83: 0.0002136711
A84: 2.2.2 | B84: 93379 | C84: SINAPI | D84: REATERRO MECANIZADO DE VALA COM RETROESCAVADEIRA (CAPACIDADE DA CAÇAMBA DA RETRO: 0,26 M³/POTÊNCIA: 88 HP), LARGURA 0,8 A 1,5 M, PROFUNDIDADE ATÉ 1,5 M, COM SOLO (SEM SUBSTITUIÇÃO) DE 1ª CATEGORIA, COM COMPACTADOR DE SOLOS DE PERCUSSÃO AF_08/2023 | E84: m³ | F84: 15.25 | G84: 18.23 | H84: 22.49 | I84: 342.97 | J84: 0.00034775673
A85: 2.2.3 | B85: CP01 | C85: Próprio | D85: ATERRO INCLUINDO CARGA, DESCARGA E TRANSPORTE | E85: m³ | F85: 226.08 | G85: 126.6 | H85: 156.19 | I85: 35311.43 | J85: 0.035804261
A86: 2.2.4 | B86: 96386 | C86: SINAPI | D86: EXECUÇÃO E COMPACTAÇÃO DE CORPO DE ATERRO (95% DE ENERGIA DO PROCTOR NORMAL) COM SOLO PREDOMINANTEMENTE ARENOSO ESPESSURA 15CM - EXCLUSIVE MATERIAL, ESCAVAÇÃO, CARGA E TRANSPORTE. AF_09/2024 | E86: m³ | F86: 226.08 | G86: 6.63 | H86: 8.18 | I86: 1849.33 | J86: 0.0018751405
A87: 2.3 | D87: DRENAGEM | F87: 1 | H87: 58163 | I87: 58163 | J87: 0.058974763
A88: 2.3.1 | B88: 100323 | C88: SINAPI | D88: LASTRO COM MATERIAL GRANULAR (AREIA MÉDIA), APLICADO EM PISOS OU LAJES SOBRE SOLO, ESPESSURA DE *10 CM*. AF_01/2024 | E88: m³ | F88: 1.04 | G88: 203.04 | H88: 250.51 | I88: 260.53 | J88: 0.00026416614
A89: 2.3.2 | B89: 94267 | C89: SINAPI | D89: GUIA (MEIO-FIO) E SARJETA CONJUGADOS DE CONCRETO, MOLDADA IN LOCO EM TRECHO RETO COM EXTRUSORA, 45 CM BASE (15 CM BASE DA GUIA + 30 CM BASE DA SARJETA) X 22 CM ALTURA. AF_01/2024 | E89: M | F89: 459.78 | G89: 69.2 | H89: 85.37 | I89: 39251.41 | J89: 0.03979923
A90: 2.3.3 | B90: 92214 | C90: SINAPI | D90: TUBO DE CONCRETO PARA REDES COLETORAS DE ÁGUAS PLUVIAIS, DIÂMETRO DE 800 MM, JUNTA RÍGIDA, INSTALADO EM LOCAL COM BAIXO NÍVEL DE INTERFERÊNCIAS - FORNECIMENTO E ASSENTAMENTO. AF_03/2024 | E90: M | F90: 8 | G90: 469.8 | H90: 579.63 | I90: 4637.04 | J90: 0.0047017578
A91: 2.3.4 | B91: 95567 | C91: SINAPI | D91: TUBO DE CONCRETO (SIMPLES) PARA REDES COLETORAS DE ÁGUAS PLUVIAIS, DIÂMETRO DE 300 MM, JUNTA RÍGIDA, INSTALADO EM LOCAL COM BAIXO NÍVEL DE INTERFERÊNCIAS - FORNECIMENTO E ASSENTAMENTO. AF_03/2024 | E91: M | F91: 16 | G91: 94.41 | H91: 116.48 | I91: 1863.68 | J91: 0.0018896908
A92: 2.3.5 | B92: 20 | C92: Próprio | D92: BOCA DE LOBO EM CONCRETO ARMADO 1,20 X 1,20 X 1,50M (INCL. TAMPA) | E92: UND | F92: 2 | G92: 3094.16 | H92: 3817.57 | I92: 7635.14 | J92: 0.0077417013
A93: 2.3.6 | B93: 97935 | C93: SINAPI | D93: CAIXA PARA BOCA DE LOBO SIMPLES RETANGULAR, EM CONCRETO PRÉ-MOLDADO, DIMENSÕES INTERNAS: 0,6X1,0X1,2 M. AF_12/2020 | E93: UN | F93: 4 | G93: 914.9 | H93: 1128.8 | I93: 4515.2 | J93: 0.0045782173
A94: 2.4 | D94: PAVIMENTAÇÃO | F94: 1 | H94: 191485.94 | I94: 191485.94 | J94: 0.19415845
A95: 2.4.1 | B95: 92394 | C95: SINAPI | D95: EXECUÇÃO DE PAVIMENTO EM PISO INTERTRAVADO, COM BLOCO SEXTAVADO DE 25 X 25 CM, ESPESSURA 8 CM. AF_10/2022 | E95: m² | F95: 1507.17 | G95: 102.98 | H95: 127.05 | I95: 191485.94 | J95: 0.19415845
A96: 2.5 | D96: SINALIZAÇÃO VIÁRIA | F96: 1 | H96: 6053.56 | I96: 6053.56 | J96: 0.0061380477
A97: 2.5.1 | B97: CP04 | C97: Próprio | D97: PLACA DE SINALIZAÇÃO VIARIA TOTALMENTE REFLEXIVA | E97: PT | F97: 4 | G97: 596.81 | H97: 736.34 | I97: 2945.36 | J97: 0.0029864675
A98: 2.5.2 | B98: CP05 | C98: Próprio | D98: PLACA DE IDENTIFICAÇÃO DE RUA | E98: PT | F98: 4 | G98: 629.81 | H98: 777.05 | I98: 3108.2 | J98: 0.0031515802
A99: 2.6 | D99: LIMPEZA FINAL DA OBRA | F99: 1 | H99: 7189.2 | I99: 7189.2 | J99: 0.0072895375
A100: 2.6.1 | B100: 99811 | C100: SINAPI | D100: LIMPEZA DE CONTRAPISO COM VASSOURA A SECO. AF_04/2019 | E100: m² | F100: 1507.17 | G100: 3.87 | H100: 4.77 | I100: 7189.2 | J100: 0.0072895375
D101: VALOR TOTAL DA OBRA | H101: =SUM(I10,I77) -> 986235.41 | J101: =SUM(J10,J77) -> 1
A102: Valor total desta planilha: R$ 986.235,41 (Novecentos e oitenta e seis mil, duzentos e trinta e cinco reais e quarenta e um centavos)
A103: Valores unitários obtidos com base na PLANILHA PADRÃO - SEOP 10/2025 - ORSE 09/2025 - SINAPI 09/2025 - NÃO DESONERADO

Sheet CRONOGRAMA
A1: #VALUE!
A2: SECRETARIA MUNICIPAL DE DESENVOLVIMENTO ECONÔMICO, PROJETOS E CONVÊNIOS
A4: OBRA: REQUALIFICAÇÃO URBANA NO BAIRRO CASTANHEIRA | M4: BDI: | N4: =BDI!E34 -> 0.2338
A5: LOCAL: BAIRRO CASTANHEIRA-BREVES-PA | M5: PRAZO DE EXECUÇÃO: | N5: 150 DIAS
A6: REF. DE PREÇOS: SEOP 10/2025 - ORSE 09/2025 - SINAPI 09/2025 - NÃO DESONERADO | M6: VALOR DA OBRA: | N6: =SUM(N43) -> 986235.41
A8: CRONOGRAMA FÍSICO - FINANCEIRO
A9: ITEM | B9: DESCRIÇÃO DOS SERVIÇOS | C9: PESO % | D9: VALOR DO SERVIÇO | E9: 1º MÊS | G9: 2º MÊS | I9: 3º MÊS | K9: 4º MÊS | M9: 5º MÊS
E10: % MÊS | F10: R$ | G10: % MÊS | H10: R$ | I10: % MÊS | J10: R$ | K10: % MÊS | L10: R$ | M10: % MÊS | N10: R$
A11: 1.1 | B11: ='RESUMO DA OBRA'!B11 -> SERVIÇOS PRELIMINARES | C11: =D11/$D$41 -> 0.093563584 | D11: ='RESUMO DA OBRA'!C11 -> 92275.72 | E11: 1 | F11: =E11*$D11 -> 92275.72
A13: 1.2 | B13: ='RESUMO DA OBRA'!B12 -> MOVIMENTO DE TERRA | C13: =D13/$D$41 -> 0.080793986 | D13: ='RESUMO DA OBRA'!C12 -> 79681.89 | E13: 1 | F13: =E13*$D13 -> 79681.89
A15: 1.3 | B15: ='RESUMO DA OBRA'!B13 -> MEIO FIO | C15: =D15/$D$41 -> 0.014987608 | D15: ='RESUMO DA OBRA'!C13 -> 14781.31 | E15: 1 | F15: =E15*$D15 -> 14781.31
A17: 1.4 | B17: ='RESUMO DA OBRA'!B14 -> QUADRAS POLIESPORTIVA | C17: =D17/$D$41 -> 0.28559819 | D17: ='RESUMO DA OBRA'!C14 -> 281667.05 | G17: 0.5 | H17: =G17*$D17 -> 140833.52 | I17: 0.5 | J17: =I17*$D17 -> 140833.52
A19: 1.5 | B19: ='RESUMO DA OBRA'!B15 -> PASSEIO | C19: =D19/$D$41 -> 0.067889998 | D19: ='RESUMO DA OBRA'!C15 -> 66955.52 | G19: 0.5 | H19: =G19*$D19 -> 33477.76 | I19: 0.5 | J19: =I19*$D19 -> 33477.76
A21: 1.6 | B21: ='RESUMO DA OBRA'!B16 -> INSTALAÇÕES ELÉTRICAS | C21: =D21/$D$41 -> 0.092827979 | D21: ='RESUMO DA OBRA'!C16 -> 91550.24 | I21: 0.5 | J21: =I21*$D21 -> 45775.12 | K21: 0.5 | L21: =K21*$D21 -> 45775.12
A23: 1.7 | B23: ='RESUMO DA OBRA'!B17 -> PLAYGROUND | C23: =D23/$D$41 -> 0.024489386 | D23: ='RESUMO DA OBRA'!C17 -> 24152.3 | K23: 0.5 | L23: =K23*$D23 -> 12076.15 | M23: 0.5 | N23: =M23*$D23 -> 12076.15
A25: 1.8 | B25: ='RESUMO DA OBRA'!B18 -> DIVERSOS | C25: =D25/$D$41 -> 0.026249392 | D25: ='RESUMO DA OBRA'!C18 -> 25888.08 | M25: 1 | N25: =M25*$D25 -> 25888.08
A27: 1.9 | B27: ='RESUMO DA OBRA'!B19 -> LIMPEZA E ENTREGA DA OBRA | C27: =D27/$D$41 -> 0.0047833711 | D27: ='RESUMO DA OBRA'!C19 -> 4717.53 | M27: 1 | N27: =M27*$D27 -> 4717.53
A29: 2.1 | B29: ='RESUMO DA OBRA'!B21 -> SERVIÇOS PRELIMINARES | C29: =D29/$D$41 -> 0.0040148731 | D29: ='RESUMO DA OBRA'!C21 -> 3959.61 | E29: 1 | F29: =E29*$D29 -> 3959.61
A31: 2.2 | B31: ='RESUMO DA OBRA'!B22 -> MOVIMENTAÇÃO DE TERRA | C31: =D31/$D$41 -> 0.038240829 | D31: ='RESUMO DA OBRA'!C22 -> 37714.46 | E31: 1 | F31: =E31*$D31 -> 37714.46
A33: 2.3 | B33: ='RESUMO DA OBRA'!B23 -> DRENAGEM | C33: =D33/$D$41 -> 0.058974763 | D33: ='RESUMO DA OBRA'!C23 -> 58163 | E33: 1 | F33: =E33*$D33 -> 58163
A35: 2.4 | B35: ='RESUMO DA OBRA'!B24 -> PAVIMENTAÇÃO | C35: =D35/$D$41 -> 0.19415845 | D35: ='RESUMO DA OBRA'!C24 -> 191485.94 | E35: 0.3 | F35: =E35*$D35 -> 57445.782 | G35: 0.4 | H35: =G35*$D35 -> 76594.376 | I35: 0.3 | J35: =I35*$D35 -> 57445.782
A37: 2.5 | B37: ='RESUMO DA OBRA'!B25 -> SINALIZAÇÃO VIÁRIA | C37: =D37/$D$41 -> 0.0061380477 | D37: ='RESUMO DA OBRA'!C25 -> 6053.56 | I37: 1 | J37: =I37*$D37 -> 6053.56
A39: 2.6 | B39: ='RESUMO DA OBRA'!B26 -> LIMPEZA FINAL DA OBRA | C39: =D39/$D$41 -> 0.0072895375 | D39: ='RESUMO DA OBRA'!C26 -> 7189.2 | I39: 1 | J39: =I39*$D39 -> 7189.2
A41: SOMA | C41: =SUM(C11:C40) -> 1 | D41: =SUM(D11:D40) -> 986235.41
A42: TOTAL GERAL SIMPLES | E42: =F42/D41 -> 0.34882318 | F42: =SUM(F11:F40) -> 344021.77 | G42: =H42/$D$41 -> 0.25440748 | H42: =SUM(H11:H40) -> 250905.66 | I42: =J42/$D$41 -> 0.29483321 | J42: =SUM(J11:J40) -> 290774.95 | K42: =L42/$D$41 -> 0.058658683 | L42: =SUM(L11:L39) -> 57851.27 | M42: =N42/$D$41 -> 0.043277456 | N42: =SUM(N11:N39) -> 42681.76
A43: TOTAL GERAL ACUMULADO | E43: =E42 -> 0.34882318 | F43: =F42 -> 344021.77 | G43: =SUM(E43+G42) -> 0.60323066 | H43: =SUM(F43+H42) -> 594927.43 | I43: =SUM(G43+I42) -> 0.89806386 | J43: =SUM(H43+J42) -> 885702.38 | K43: =SUM(I43+K42) -> 0.95672254 | L43: =SUM(J43+L42) -> 943553.65 | M43: =SUM(K43+M42) -> 1 | N43: =SUM(L43+N42) -> 986235.41

Sheet MEMÓRIA DE CÁLCULO
A1: #VALUE!
A2: SECRETARIA MUNICIPAL DE DESENVOLVIMENTO ECONÔMICO, PROJETOS E CONVÊNIOS
A4: OBRA: REQUALIFICAÇÃO URBANA NO BAIRRO CASTANHEIRA
A5: LOCAL: BAIRRO CASTANHEIRA-BREVES-PA
A6: REF. DE PREÇOS: SEOP 10/2025 - ORSE 09/2025 - SINAPI 09/2025 - NÃO DESONERADO
A8: MEMÓRIA DE CÁLCULO
A9: ITEM | B9: DISCRIMINAÇÃO DOS SERVIÇOS | C9: UNID. | D9: QUANT. | E9: MEM.CÁLULO
A10: 1 | B10: PRAÇA POLIESPORTIVA
A11: 1.1 | B11: SERVIÇOS PRELIMINARES
A12: 1.1.1 | B12: Placa de obra em lona com plotagem de gráfica | C12: m² | D12: 6,0 | E12: 2,00 M X 3,00 M = 6,00 M²
A13: 1.1.2 | B13: Tapume c/ chapa de madeirit plastificado e=15mm (h=2.20m) | C13: m² | D13: 399,54 | E13: (11,38M + 75,24M + 22,50M + 72,49M) X 2,20M= 399,54 M²
A14: 1.1.3 | B14: Barracão de madeira/Almoxarifado | C14: m² | D14: 6,0 | E14: 2,00 M X 3,00 M
A15: 1.2 | B15: MOVIMENTO DE TERRA
A16: 1.2.1 | B16: LIMPEZA MECANIZADA DE CAMADA VEGETAL, VEGETAÇÃO E PEQUENAS ÁRVORES (DIÂMETRO DE TRONCO MENOR QUE 0,20 M), COM TRATOR DE ESTEIRAS. AF_03/2024 | C16: m² | D16: 1.197,0 | E16: PASSEIO= 395 M² QUADRA GRAMA SINTÉTICA= 475 M² QUADRA DE AREIA= 208 M² PISO GRAMA PLAYGROUD= 66 M² PISO EM CONCRETO POLIDO= 53 M² TOTAL= 1197 M²
A17: 1.2.2 | B17: ATERRO INCLUINDO CARGA, DESCARGA E TRANSPORTE | C17: m³ | D17: 478.8 | E17: AREA TOTAL X ESPESSURA= 1197,00 M² X 0,40 M = 478,80 M³
A18: 1.2.3 | B18: EXECUÇÃO E COMPACTAÇÃO DE CORPO DE ATERRO (95% DE ENERGIA DO PROCTOR NORMAL) COM SOLO PREDOMINANTEMENTE ARENOSO ESPESSURA 15CM - EXCLUSIVE MATERIAL, ESCAVAÇÃO, CARGA E TRANSPORTE. AF_09/2024 | C18: m³ | D18: 478.8 | E18: AREA TOTAL X ESPESSURA= 1197,00 M² X 0,40 M = 478,80 M³
A19: 1.3 | B19: MEIO FIO
A20: 1.3.1 | B20: GUIA (MEIO-FIO) E SARJETA CONJUGADOS DE CONCRETO, MOLDADA IN LOCO EM TRECHO CURVO COM EXTRUSORA, 45 CM BASE (15 CM BASE DA GUIA + 30 CM BASE DA SARJETA) X 22 CM ALTURA. AF_01/2024 | C20: M | D20: 159,11 | E20: 75,24M + 72,49M + 11,38 M= 159,11M
A21: 1.4 | B21: QUADRAS POLIESPORTIVA
A22: 1.4.1 | B22: QUADRA SOCIETY
A23: 1.4.1.1 | B23: Fornecimento e instalação de grama sintética 42mm, alta durabilidade, cor verde, proteção raios UV e luz solar, incluso cola, type, areia tratada, borracha e mão de obra especializada | C23: m² | D23: 475,0 | E23: QUADRA GRAMA SINTÉTICA= 475 M²
A24: 1.4.1.2 | B24: LASTRO COM MATERIAL GRANULAR (PEDRA BRITADA N.1 E PEDRA BRITADA N.2), APLICADO EM PISOS OU LAJES SOBRE SOLO, ESPESSURA DE *10 CM*. AF_01/2024 | C24: m³ | D24: 28,5 | E24: QUADRA GRAMA SINTÉTICA= 475 M² X 0,06M = 28,50 M³
A25: 1.4.1.3 | B25: Piso em concreto simples desempolado, fck = 15 MPa, e = 7 cm, com forma em quadros 2,0x2,0m, para juntas de concretagem - tres usos | C25: m² | D25: 475,0 | E25: QUADRA GRAMA SINTÉTICA= 475 M²
A26: 1.4.2 | B26: QUADRA DE AREIA
A27: 1.4.2.1 | B27: DRENO SUBSUPERFICIAL (SEÇÃO 0,40 X 0,40 M), CEGO, ENCHIMENTO DE BRITA, ENVOLVIDO COM MANTA GEOTÊXTIL. AF_07/2021 | C27: M | D27: 48,0 | E27: 18,00M + 10,00M + 10,00M + 10,00= 48,00 M
A28: 1.4.2.2 | B28: LASTRO COM MATERIAL GRANULAR (PEDRA BRITADA N.1 E PEDRA BRITADA N.2), APLICADO EM PISOS OU LAJES SOBRE SOLO, ESPESSURA DE *10 CM*. AF_01/2024 | C28: m³ | D28: 41.6 | E28: QUADRA DE AREIA= 208 M² X 0,20M = 41,60 M³
A29: 1.4.2.3 | B29: LASTRO COM MATERIAL GRANULAR (AREIA MÉDIA), APLICADO EM PISOS OU LAJES SOBRE SOLO, ESPESSURA DE *10 CM*. AF_01/2024 | C29: m³ | D29: 62.4 | E29: QUADRA DE AREIA= 208 M² X 0,30M = 62,40M³
A30: 1.4.3 | B30: ALAMBRADO
A31: 1.4.3.1 | B31: ESCAVAÇÃO MANUAL DE VALA. AF_09/2024 | C31: m³ | D31: 2,97 | E31: BLOCOS (0,30M X 0,30M X 0,60M) X 55 UN = 2,97 M³ CONFORME PROJETO
A32: 1.4.3.2 | B32: Baldrame em concreto simples com seixo inclusive forma madeira branca | C32: m³ | D32: 7,1 | E32: BLOCOS= 1,49 M³ BALDRAME= 5,61M³ CONFORME PROJETO
A33: 1.4.3.3 | B33: Concreto armado FCK=25MPA com forma aparente - 1 reaproveitamento | C33: m³ | D33: 0,74 | E33: PILARETES= 0,74 M³ CONFORME PROJETO
A34: 1.4.3.4 | B34: ALVENARIA DE VEDAÇÃO DE BLOCOS CERÂMICOS FURADOS NA HORIZONTAL DE 14X9X19 CM (ESPESSURA 14 CM, BLOCO DEITADO) E ARGAMASSA DE ASSENTAMENTO COM PREPARO MANUAL. AF_12/2021 | C34: m² | D34: 43,14 | E34: 143,80 M X 0,30 M = 43,14 M²
A35: 1.4.3.5 | B35: CHAPISCO APLICADO EM ALVENARIAS E ESTRUTURAS DE CONCRETO INTERNAS, COM COLHER DE PEDREIRO. ARGAMASSA TRAÇO 1:3 COM PREPARO MANUAL. AF_10/2022 | C35: m² | D35: 86,28 | E35: 43,14 M² X 2,00 LADOS= 86,28 M²
A36: 1.4.3.6 | B36: MASSA ÚNICA, EM ARGAMASSA TRAÇO 1:2:8, PREPARO MANUAL, APLICADA MANUALMENTE EM PAREDES INTERNAS DE AMBIENTES COM ÁREA ENTRE 5M² E 10M², E = 17,5MM, COM TALISCAS. AF_03/2024 | C36: m² | D36: 86,28 | E36: 43,14 M² X 2,00 LADOS= 86,28 M²
A37: 1.4.3.7 | B37: ALAMBRADO PARA QUADRA POLIESPORTIVA, ESTRUTURADO POR TUBOS DE ACO GALVANIZADO, (MONTANTES COM DIAMETRO 2", TRAVESSAS E ESCORAS COM DIÂMETRO 1 ¼"), COM TELA DE ARAME GALVANIZADO, FIO 12 BWG E MALHA QUADRADA 5X5CM (EXCETO MURETA). AF_03/2021 | C37: m² | D37: 358,26 | E37: ALAMBRADO= 358,26 M² CONFORME PROJETO
A38: 1.4.3.8 | B38: PINTURA LÁTEX ACRÍLICA PREMIUM, APLICAÇÃO MANUAL EM PAREDES, DUAS DEMÃOS. AF_04/2023 | C38: m² | D38: 86,28 | E38: 43,14 M² X 2,00 LADOS= 86,28 M²
A39: 1.4.3.9 | B39: PINTURA COM TINTA ALQUÍDICA DE ACABAMENTO (ESMALTE SINTÉTICO BRILHANTE) PULVERIZADA SOBRE SUPERFÍCIES METÁLICAS (EXCETO PERFIL) EXECUTADO EM OBRA (02 DEMÃOS). AF_01/2020_PE | C39: m² | D39: 358,26 | E39: ALAMBRADO= 358,26 M² CONFORME PROJETO
A40: 1.4.3.10 | B40: Fornecimento e instalação de rede de proteção em nylon malha 10 x 10 cm para quadra de esporte | C40: m² | D40: 698,83 | E40: ALAMBRADO= 698,83 M² CONFORME PROJETO
A41: 1.4.3.11 | B41: Fornecimento de grampo para cabo de aço 1/8" | C41: un | D41: 8,0 | E41: 4,00 UN + 4,00 UN = 8,00 UN
A42: 1.4.3.12 | B42: Cabo de aço galvanizado 1/8" - Rev 01_03/2022 | C42: m | D42: 114,68 | E42: QUADRA SINTÉTICA=(35,34 M + 35,34 M) + QUADRA DE AREIA= (22,00 M+ 22,00 M) TOTAL= 114,68 M
A43: 1.5 | B43: PASSEIO
A44: 1.5.1 | B44: EXECUÇÃO DE PASSEIO EM PISO INTERTRAVADO, COM BLOCO RETANGULAR COLORIDO DE 20 X 10 CM, ESPESSURA 6 CM. AF_10/2022 | C44: m² | D44: 395,0 | E44: 395,00 M² CONFORME PROJETO
A45: 1.5.2 | B45: PISO EM CONCRETO POLIDO 20 MPA PREPARO MECÂNICO, ESPESSURA 7CM. AF_09/2020 | C45: m² | D45: 53,0 | E45: 53,00 M² CONFORME PROJETO
A46: 1.5.3 | B46: PISO PODOTÁTIL DE ALERTA OU DIRECIONAL, DE CONCRETO, ASSENTADO SOBRE ARGAMASSA. AF_03/2024 | C46: m² | D46: 33.9 | E46: (114m x 0,25m) + (1,2m x 0,50m x 9,00 um)
A47: 1.6 | B47: INSTALAÇÕES ELÉTRICAS
A48: 1.6.1 | B48: QUADRO DE DISTRIBUIÇÃO DE ENERGIA EM CHAPA DE AÇO GALVANIZADO, DE EMBUTIR, COM BARRAMENTO TRIFÁSICO, PARA 40 DISJUNTORES DIN 100A - FORNECIMENTO E INSTALAÇÃO. AF_10/2020 | C48: UN | D48: 1,0 | E48: 1,00 UN
A49: 1.6.2 | B49: Dispositivo de proteção contra surto de tensão DPS 20kA - 175v | C49: un | D49: 4,0 | E49: 4,00 UN
A50: 1.6.3 | B50: Disjuntor 3P - 10 a 50A - PADRÃO DIN | C50: un | D50: 1,0 | E50: 1,00 UN
A51: 1.6.4 | B51: Disjuntor 1P - 6 a 32A - PADRÃO DIN | C51: un | D51: 27,0 | E51: 27,00 UN
A52: 1.6.5 | B52: Refletor Slim LED 200W de potência, branco Frio, 6500k, Autovolt, marca G-light ou similar | C52: un | D52: 12,0 | E52: 12,00 UN
A53: 1.6.6 | B53: HASTE DE ATERRAMENTO, DIÂMETRO 5/8", COM 3 METROS - FORNECIMENTO E INSTALAÇÃO. AF_08/2023 | C53: UN | D53: 6,0 | E53: 6,00 UN
A54: 1.6.7 | B54: CABO DE COBRE NU 35MM2 - FORNECIMENTO E INSTALACAO | C54: M | D54: 25,0 | E54: 25,00 M
A55: 1.6.8 | B55: ELETRODUTO FLEXÍVEL CORRUGADO, PEAD, DN 63 (2"), PARA REDE ENTERRADA DE DISTRIBUIÇÃO DE ENERGIA ELÉTRICA - FORNECIMENTO E INSTALAÇÃO. AF_12/2021 | C55: M | D55: 300,0 | E55: 300,00 M
A56: 1.6.9 | B56: Eletroduto PVC Rígido de 1" | C56: m | D56: 81,0 | E56: 81,00 M
A57: 1.6.10 | B57: Luva de pvc rígido roscável diâm = 1" | C57: un | D57: 15,0 | E57: 15,00 UN
A58: 1.6.11 | B58: CABO DE COBRE FLEXÍVEL ISOLADO, 6 MM², ANTI-CHAMA 450/750 V, PARA CIRCUITOS TERMINAIS - FORNECIMENTO E INSTALAÇÃO. AF_03/2023 | C58: M | D58: 1.400,0 | E58: 1.400,00 M
A59: 1.6.12 | B59: CABO DE COBRE FLEXÍVEL ISOLADO, 4 MM², ANTI-CHAMA 450/750 V, PARA CIRCUITOS TERMINAIS - FORNECIMENTO E INSTALAÇÃO. AF_03/2023 | C59: M | D59: 400,0 | E59: 400,00 M
... A64: 1.6.17 | B64: Rele fotoeletrico | C64: un | D64: 11,0 | E64: 11,00 UN
A65: 1.7 | B65: PLAYGROUND
A66: 1.7.1 | B66: PISO DE GRAMA SINTÉTICA PARA QUADRA POLIESPORTIVA - FORNECIMENTO E INSTALAÇÃO. AF_03/2022 | C66: m² | D66: 66,0 | E66: 66,00 M² CONFORME PROJETO
A67: 1.7.2 | B67: Brinquedo - Gangorra Dupla, modelo M119, da Lúdico Brinquedos Inteligentes ousimilar | C67: un | D67: 1,0 | E67: 1,00 UN
A68: 1.7.3 | B68: Brinquedo em madeira roliça para parque com duas escorregadeira de madeira conforme projeto | C68: un | D68: 2,0 | E68: 2,00 UN
A69: 1.8 | B69: DIVERSOS
A70: 1.8.1 | B70: Trave para campo de futebol soçaite, desmontável | C70: par | D70: 1,0 | E70: 1,00 PAR
A71: 1.8.2 | B71: PAR DE POSTES E REDE DE VÔLEI - FORNECIMENTO E INSTALAÇÃO. AF_03/2022 | C71: UN | D71: 1,0 | E71: 1,00 PAR
A72: 1.8.3 | B72: PLANTIO DE PALMEIRA COM ALTURA DE MUDA MAIOR QUE 2,00 M E MENOR OU IGUAL A 4,00 M. AF_07/2024 | C72: UN | D72: 4,0 | E72: 4,00 UN
A73: 1.8.4 | B73: MESA DE PRAÇA EM MADEIRA, INTEGRADA COM BANCOS | C73: UN | D73: 4,0 | E73: 4,00 UN
A74: 1.8.5 | B74: Banco de concreto em alvenaria de tijolos, assento em concreto armado, sem encosto, pintado com tinta acrílica, 2 demãos | C74: m | D74: 33,77 | E74: 8,25M + 9,75M + 7,16M + 8,61M= 33,77 M
A75: 1.9 | B75: LIMPEZA E ENTREGA DA OBRA
A76: 1.9.1 | B76: LIMPEZA DE CONTRAPISO COM VASSOURA A SECO. AF_04/2019 | C76: m² | D76: 989,0 | E76: PASSEIO= 395 M² QUADRA GRAMA SINTÉTICA= 475 M² PISO GRAMA PLAYGROUD= 66 M² PISO EM CONCRETO POLIDO= 53 M² TOTAL= 989 M²
A77: 2 | B77: PAVIMENTAÇÃO DA RUA FRANCISCO JOSÉ DA ROCHA 2
A78: 2.1 | B78: SERVIÇOS PRELIMINARES
A79: 2.1.1 | B79: FORNECIMENTO E INSTALAÇÃO DE PLACA DE OBRA COM CHAPA GALVANIZADA E ESTRUTURA DE MADEIRA. AF_03/2022_PS | C79: m² | D79: 4,5 | E79: 3,00 M X 1,50 M
A80: 2.1.2 | B80: LIMPEZA MECANIZADA DE CAMADA VEGETAL, VEGETAÇÃO E PEQUENAS ÁRVORES (DIÂMETRO DE TRONCO MENOR QUE 0,20 M), COM TRATOR DE ESTEIRAS. AF_03/2024 | C80: m² | D80: 1.507,17 | E80: TRECHO : JOSE RODRIGUES / RAIMUNDO NEVES = 707,37 M² TRECHO : RAIMUNDO NEVES / ALAMEDA SASSI = 799,80 M² TOTAL= 1.507,17 M²
A81: 2.1.3 | B81: LOCAÇÃO DE PAVIMENTAÇÃO. AF_10/2018 | C81: M | D81: 229,89 | E81: TRECHO : JOSE RODRIGUES / RAIMUNDO NEVES = 99,63 M TRECHO : RAIMUNDO NEVES / ALAMEDA SASSI = 130,26 M TOTAL= 229,89 M
A82: 2.2 | B82: MOVIMENTAÇÃO DE TERRA
A83: 2.2.1 | B83: ESCAVAÇÃO MECANIZADA DE VALA COM PROFUNDIDADE ATÉ 1,5 M (MÉDIA MONTANTE E JUSANTE/UMA COMPOSIÇÃO POR TRECHO), RETROESCAV. (0,26 M3), LARGURA DE 0,8 M A 1,5 M, EM SOLO DE 1A CATEGORIA, LOCAIS COM BAIXO NÍVEL DE INTERFERÊNCIA. AF_09/2024 | C83: m³ | D83: 20,4 | E83: largura x profundidade x comprimento= TUBO 800mm= 1,20m x 1,25m x 8,00m= 12,00M³ + TUBO 300mm= 0,70m x 0,75m x 16,00m=8,40 M³ TOTAL= 20,40M³
A84: 2.2.2 | B84: REATERRO MECANIZADO DE VALA COM RETROESCAVADEIRA (CAPACIDADE DA CAÇAMBA DA RETRO: 0,26 M³/POTÊNCIA: 88 HP), LARGURA 0,8 A 1,5 M, PROFUNDIDADE ATÉ 1,5 M, COM SOLO (SEM SUBSTITUIÇÃO) DE 1ª CATEGORIA, COM COMPACTADOR DE SOLOS DE PERCUSSÃO AF_08/2023 | C84: m³ | D84: 15,25 | E84: Volume reaterro = Volume escavado - Volume de tubo Volume reaterro= 20,40m³ - [3,14 x (0,40m)² x 8,00m] - [3,14 x (0,15m)² x 16,00m] TOTAL=15,25M³
A85: 2.2.3 | B85: ATERRO INCLUINDO CARGA, DESCARGA E TRANSPORTE | C85: m³ | D85: 226,08 | E85: Extensão x Largura média faixa de rolamento x espessura= (99,63m x 7,10m x 0,15m) + (130,26m x 6,14m x 0,15m) TOTAL= 226,08 M³
A86: 2.2.4 | B86: EXECUÇÃO E COMPACTAÇÃO DE CORPO DE ATERRO (95% DE ENERGIA DO PROCTOR NORMAL) COM SOLO PREDOMINANTEMENTE ARENOSO ESPESSURA 15CM - EXCLUSIVE MATERIAL, ESCAVAÇÃO, CARGA E TRANSPORTE. AF_09/2024 | C86: m³ | D86: 226,08 | E86: Extensão x Largura média faixa de rolamento x espessura= (99,63m x 7,10m x 0,15m) + (130,26m x 6,14m x 0,15m) TOTAL= 226,08 M³
A87: 2.3 | B87: DRENAGEM
A88: 2.3.1 | B88: LASTRO COM MATERIAL GRANULAR (AREIA MÉDIA), APLICADO EM PISOS OU LAJES SOBRE SOLO, ESPESSURA DE *10 CM*. AF_01/2024 | C88: m³ | D88: 1,04 | E88: larg. x espes. x comp.= Tubo 300mm= (0,70m x 0,05m x 16,00m)=0,56m³ + Tubo 800mm= (1,20m x 0,05m x 8,00m)=0,48m³ TOTAL= 1,04 M³
A89: 2.3.2 | B89: GUIA (MEIO-FIO) E SARJETA CONJUGADOS DE CONCRETO, MOLDADA IN LOCO EM TRECHO RETO COM EXTRUSORA, 45 CM BASE (15 CM BASE DA GUIA + 30 CM BASE DA SARJETA) X 22 CM ALTURA. AF_01/2024 | C89: M | D89: 459,78 | E89: TRECHO : JOSE RODRIGUES / RAIMUNDO NEVES = 99,63 M X 2,00 LADOS= 199,26M TRECHO : RAIMUNDO NEVES / ALAMEDA SASSI = 130,26 M X 2,00 LADOS= 260,52 M TOTAL= 459,78 M
A90: 2.3.3 | B90: TUBO DE CONCRETO PARA REDES COLETORAS DE ÁGUAS PLUVIAIS, DIÂMETRO DE 800 MM, JUNTA RÍGIDA, INSTALADO EM LOCAL COM BAIXO NÍVEL DE INTERFERÊNCIAS - FORNECIMENTO E ASSENTAMENTO. AF_03/2024 | C90: M | D90: 8,0 | E90: 8,00 M
A91: 2.3.4 | B91: TUBO DE CONCRETO (SIMPLES) PARA REDES COLETORAS DE ÁGUAS PLUVIAIS, DIÂMETRO DE 300 MM, JUNTA RÍGIDA, INSTALADO EM LOCAL COM BAIXO NÍVEL DE INTERFERÊNCIAS - FORNECIMENTO E ASSENTAMENTO. AF_03/2024 | C91: M | D91: 16,0 | E91: 16,00 M
A92: 2.3.5 | B92: BOCA DE LOBO EM CONCRETO ARMADO 1,20 X 1,20 X 1,50M (INCL. TAMPA) | C92: UND | D92: 2,0 | E92: 2,00 UN
A93: 2.3.6 | B93: CAIXA PARA BOCA DE LOBO SIMPLES RETANGULAR, EM CONCRETO ARMADO, DIMENSÕES INTERNAS: 0,6X1,0X1,2 M. AF_12/2020 | C93: UN | D93: 4,0 | E93: 4,00 UN
A94: 2.4 | B94: PAVIMENTAÇÃO
A95: 2.4.1 | B95: EXECUÇÃO DE PAVIMENTO EM PISO INTERTRAVADO, COM BLOCO SEXTAVADO DE 25 X 25 CM, ESPESSURA 8 CM. AF_10/2022 | C95: m² | D95: 1.507,17 | E95: TRECHO : JOSE RODRIGUES / RAIMUNDO NEVES = 707,37 M² TRECHO : RAIMUNDO NEVES / ALAMEDA SASSI = 799,80 M² TOTAL= 1.507,17 M²
A96: 2.5 | B96: SINALIZAÇÃO VIÁRIA
A97: 2.5.1 | B97: PLACA DE SINALIZAÇÃO VIARIA TOTALMENTE REFLEXIVA | C97: PT | D97: 4,0 | E97: 4,00 PONTOS
A98: 2.5.2 | B98: PLACA DE IDENTIFICAÇÃO DE RUA | C98: PT | D98: 4,0 | E98: 4,00 PONTOS
A99: 2.6 | B99: LIMPEZA FINAL DA OBRA
A100: 2.6.1 | B100: LIMPEZA DE CONTRAPISO COM VASSOURA A SECO. AF_04/2019 | C100: m² | D100: 1.507,17 | E100: TRECHO : JOSE RODRIGUES / RAIMUNDO NEVES = 707,37 M² TRECHO : RAIMUNDO NEVES / ALAMEDA SASSI = 799,80 M² TOTAL= 1.507,17 M²

Sheet BDI
B1: #VALUE!
B2: SECRETARIA MUNICIPAL DE DESENVOLVIMENTO ECONÔMICO, PROJETOS E CONVÊNIOS
A4: OBRA: REQUALIFICAÇÃO URBANA NO BAIRRO CASTANHEIRA | B4: OBRA: REQUALIFICAÇÃO URBANA NO BAIRRO CASTANHEIRA
A5: LOCAL: BAIRRO CASTANHEIRA-BREVES-PA | B5: LOCAL: BAIRRO CASTANHEIRA-BREVES-PA
A6: REF. DE PREÇOS: SEOP 10/2025 - ORSE 09/2025 - SINAPI 09/2025 - NÃO DESONERADO | B6: REF. DE PREÇOS: SEOP 10/2025 - ORSE 09/2025 - SINAPI 09/2025 - NÃO DESONERADO
B7: COMPOSIÇÃO ANALÍTICA DA TAXA DE B.D.I. (SEM DESONERAÇÃO)
B8: Tipo de Obra: Construção de Praças Urbanas, Rodovias, Ferrovias e recapeamento e pavimentação de vias urbanas
B10: 1 - ADMINISTRAÇÃO CENTRAL
B11: ITEM | C11: DESCRIÇÃO | E11: TAXA (%)
B12: 1.1 | C12: MÃO DE OBRA | E12: 2.4
B13: 1.2 | C13: TRANSPORTES | E13: 0.8
B14: 1.3 | C14: MANUTENÇÃO E OPERAÇÃO DO ESCRITÓRIO CENTRAL | E14: 0.3
B15: 1.4 | C15: DESPESAS DIVERSAS | E15: 0.3
D16: TOTAL DA ADMINISTRAÇÃO CENTRAL | E16: =SUM(E12:E15) -> 3.8 | G16: 8.03 | H16: =IF(E16>G16,"VALOR MÁXIMO ULTRAPASSADO","OK") -> OK
B18: 2 - DESPESAS FISCAIS
B19: ITEM | C19: DESCRIÇÃO | E19: TAXA (%)
B20: 2.1 | C20: ISS | E20: 5
B21: 2.2 | C21: CPRB | E21: 0
B22: 2.3 | C22: COFINS | E22: 3
B23: 2.4 | C23: PIS | E23: 0.65
D24: TOTAL DAS DESPESAS FISCAIS | E24: =SUM(E20:E23) -> 8.65 | G24: 9.03
B26: 3 - DIVERSOS
B27: ITEM | C27: DESCRIÇÃO | E27: TAXA (%)
B28: 3.1 | C28: BONIFICAÇÃO DA EMPRESA (LUCRO) | E28: 6.64 | G28: 9.96 | H28: =IF(E28>G28,"VALOR MÁXIMO ULTRAPASSADO","OK") -> OK
B29: 3.2 | C29: DESPESAS FINANCEIRAS | E29: 1.02 | G29: 1.2 | H29: =IF(E29>G29,"VALOR MÁXIMO ULTRAPASSADO","OK") -> OK
B30: 3.3 | C30: SEGURO OBRIGATÓRIO | E30: 0.32 | G30: 0.42 | H30: =IF(E30>G30,"VALOR MÁXIMO ULTRAPASSADO","OK") -> OK
B31: 3.4 | C31: RISCOS E EVENTUAIS | E31: 0.5 | G31: 2.05 | H31: =IF(E31>G31,"VALOR MÁXIMO ULTRAPASSADO","OK") -> OK
D32: TOTAL DIVERSOS | E32: =SUM(E28:E31) -> 8.48
D34: BONIFICAÇÃO E DESPESAS INDIRETAS (B.D.I.) | E34: =ROUND(((1+E16/100+E30/100+E31/100)*(1+E29/100)*(1+(E28/100)))/(1-E24/100)-1,4) -> 0.2338
B37: FÓRMULA DO BDI (APROVADA PELO TCU)
B38: A fórmula para cálculo da taxa a ser acrescida aos custos diretos de um empreendimento, a título de Benefícios e Despesas Indiretas é:
B39: BDI = | C39: ( 1 + X ) x ( 1 + Y ) x ( 1 + Z ) | D39: - 1
C40: ( 1 - I )
B41: onde:
B42: X = Taxa da somatória das despesas indiretas, exceto tributos e despesas financeiras
B43: Y = Taxa representativa das despesas financeiras
B44: Z = Taxa representativa do lucro
B45: I = Taxa representativa da incidência de impostos
D52: MÍNIMO | E52: MÁXIMO | F52: MÉDIO | G52: LIMITE CAIXA
C53: Garantia | D53: 0 | E53: 0.42 | F53: 0.21 | G53: 0.21
C54: Risco | D54: 0 | E54: 2.05 | F54: 0.97 | G54: 2.05
C55: Despesas Financeiras | D55: 0 | E55: 1.2 | F55: 0.59 | G55: 0.59
C56: Administração Central | D56: 0.11 | E56: 8.03 | F56: 4.07 | G56: 8.03
C57: Lucro | D57: 3.83 | E57: 9.96 | F57: 6.9 | G57: 9.96

Sheet CPU
A1: #VALUE!
A2: SECRETARIA MUNICIPAL DE DESENVOLVIMENTO ECONÔMICO, PROJETOS E CONVÊNIOS
A4: OBRA: REQUALIFICAÇÃO URBANA NO BAIRRO CASTANHEIRA
A5: LOCAL: BAIRRO CASTANHEIRA-BREVES-PA | I5: BDI: | J5: =BDI!E34 -> 0.2338
A6: REF. DE PREÇOS: SEOP 10/2025 - ORSE 09/2025 - SINAPI 09/2025 - NÃO DESONERADO | I6: PRAZO DE EXECUÇÃO: | J6: 150 DIAS
A8: COMPOSIÇÃO DE PREÇO UNITÁRIO
A9: 1.1.1 | B9: Código | C9: Banco | D9: Descrição | E9: Tipo | G9: Und | H9: Quant. | I9: Valor Unit | J9: Total
A10: Composição | B10: 011340 | C10: SEDOP | D10: Placa de obra em lona com plotagem de gráfica | E10: 0 | G10: m² | H10: 1 | I10: 188.16 | J10: 188.16
A11: Composição Auxiliar | B11: 280026 | C11: SEDOP | D11: SERVENTE COM ENCARGOS COMPLEMENTARES | E11: 0 | G11: h | H11: 0.4 | I11: 26.13 | J11: 10.45
A12: Composição Auxiliar | B12: 280013 | C12: SEDOP | D12: CARPINTEIRO COM ENCARGOS COMPLEMENTARES | E12: 0 | G12: h | H12: 0.4 | I12: 31.75 | J12: 12.7
A13: Insumo | B13: D00475 | C13: SEDOP | D13: Lona com plotagem de gráfica | E13: Material | G13: m² | H13: 1 | I13: 75 | J13: 75
A14: Insumo | B14: D00281 | C14: SEDOP | D14: Pernamanca 3" x 2" 4 m - madeira branca | E14: Material | G14: Dz | H14: 0.41 | I14: 215 | J14: 88.15
A15: Insumo | B15: D00084 | C15: SEDOP | D15: Prego 1 1/2"x13 | E15: Material | G15: kg | H15: 0.1 | I15: 18.62 | J15: 1.86
E16: MO sem LS => | F16: 15.4 | G16: LS => | H16: 0 | I16: MO com LS => | J16: 15.4
E17: Valor do BDI => | F17: 43.99 | H17: Valor com BDI => | J17: 232.15
A19: 1.1.2 | B19: Código | C19: Banco | D19: Descrição | E19: Tipo | G19: Und | H19: Quant. | I19: Valor Unit | J19: Total
A20: Composição | B20: 010003 | C20: SEDOP | D20: Tapume c/ chapa de madeirit plastificado e=15mm (h=2.20m) | E20: 0 | G20: m² | H20: 1 | I20: 175.81 | J20: 175.81
A21: Composição Auxiliar | B21: 280026 | C21: SEDOP | D21: SERVENTE COM ENCARGOS COMPLEMENTARES | E21: 0 | G21: h | H21: 0.4 | I21: 26.13 | J21: 10.45
A22: Composição Auxiliar | B22: 150654 | C22: SEDOP | D22: Látex acrílica exterior (uma demão) | E22: 0 | G22: m² | H22: 1 | I22: 12.72 | J22: 12.72
A23: Composição Auxiliar | B23: 280013 | C23: SEDOP | D23: CARPINTEIRO COM ENCARGOS COMPLEMENTARES | E23: 0 | G23: h | H23: 0.4 | I23: 31.75 | J23: 12.7
A24: Insumo | B24: D00081 | C24: SEDOP | D24: Prego 2 1/2"x10 | E24: Material | G24: kg | H24: 0.14 | I24: 18.68 | J24: 2.61
A25: Insumo | B25: D00428 | C25: SEDOP | D25: Madeirite Plastificado e=15mm | E25: Material | G25: m² | H25: 1.05 | I25: 103.16 | J25: 108.31
A26: Insumo | B26: D00281 | C26: SEDOP | D26: Pernamanca 3" x 2" 4 m - madeira branca | E26: Material | G26: Dz | H26: 0.135 | I26: 215 | J26: 29.02
E27: MO sem LS => | F27: 21.16 | G27: LS => | H27: 0 | I27: MO com LS => | J27: 21.16
E28: Valor do BDI => | F28: 41.1 | H28: Valor com BDI => | J28: 216.91
A30: 1.1.3 | B30: Código | C30: Banco | D30: Descrição | E30: Tipo | G30: Und | H30: Quant. | I30: Valor Unit | J30: Total
A31: Composição | B31: 010005 | C31: SEDOP | D31: Barracão de madeira/Almoxarifado | E31: 0 | G31: m² | H31: 1 | I31: 569.87 | J31: 569.87
A32: Composição Auxiliar | B32: 280026 | C32: SEDOP | D32: SERVENTE COM ENCARGOS COMPLEMENTARES | E32: 0 | G32: h | H32: 7.5 | I32: 26.13 | J32: 195.97
A33: Composição Auxiliar | B33: 280013 | C33: SEDOP | D33: CARPINTEIRO COM ENCARGOS COMPLEMENTARES | E33: 0 | G33: h | H33: 6.7 | I33: 31.75 | J33: 212.72
A34: Insumo | B34: D00060 | C34: SEDOP | D34: Aldrava p/ cadeado (4x1/2") | E34: Material | G34: un | H34: 0.02 | I34: 10.72 | J34: 0.21
A35: Insumo | B35: D00061 | C35: SEDOP | D35: Fechadura de sobrepor comum | E35: Material | G35: un | H35: 0.02 | I35: 77.21 | J35: 1.54
A36: Insumo | B36: D00062 | C36: SEDOP | D36: Dobradiça 3"x3" com parafuso | E36: Material | G36: un | H36: 0.19 | I36: 25.78 | J36: 4.89
A37: Insumo | B37: D00344 | C37: SEDOP | D37: Arruela concava em PVC d=5/16" | E37: Material | G37: un | H37: 0.5 | I37: 0.7 | J37: 0.35
A38: Insumo | B38: D00016 | C38: SEDOP | D38: Tábua de madeira branca 4m | E38: Material | G38: Dz | H38: 0.38 | I38: 115.02 | J38: 43.7
A39: Insumo | B39: D00049 | C39: SEDOP | D39: Telha fibrotex (1.22x0.55m) e=4mm | E39: Material | G39: un | H39: 0.82 | I39: 15.5 | J39: 12.71
A40: Insumo | B40: D00281 | C40: SEDOP | D40: Pernamanca 3" x 2" 4 m - madeira branca | E40: Material | G40: Dz | H40: 0.17 | I40: 215 | J40: 36.55
A41: Insumo | B41: D00002 | C41: SEDOP | D41: Massa de vedação | E41: Material | G41: kg | H41: 0.042 | I41: 17.73 | J41: 0.74
A42: Insumo | B42: D00059 | C42: SEDOP | D42: Cadeado No. 30 | E42: Material | G42: un | H42: 0.02 | I42: 35.2 | J42: 0.7
A43: Insumo | B43: D00019 | C43: SEDOP | D43: Régua 3"x1" 4 m apar. | E43: Material | G43: Dz | H43: 0.05 | I43: 336 | J43: 16.8
A44: Insumo | B44: D00081 | C44: SEDOP | D44: Prego 2 1/2"x10 | E44: Material | G44: kg | H44: 0.5 | I44: 18.68 | J44: 9.34
A45: Insumo | B45: D00001 | C45: SEDOP | D45: Parafuso fo go 5/16" c= 110mm | E45: Material | G45: un | H45: 0.04 | I45: 1.48 | J45: 0.05
A46: Insumo | B46: D00015 | C46: SEDOP | D46: Tábua de madeira forte 4m | E46: Material | G46: Dz | H46: 0.14 | I46: 240 | J46: 33.6
E47: MO sem LS => | F47: 271.12 | G47: LS => | H47: 0 | I47: MO com LS => | J47: 271.12
E48: Valor do BDI => | F48: 133.23 | H48: Valor com BDI => | J48: 703.1
A50: 1.2.1 | B50: Código | C50: Banco | D50: Descrição | E50: Tipo | G50: Und | H50: Quant. | I50: Valor Unit | J50: Total
A51: Composição | B51: 98525 | C51: SINAPI | D51: LIMPEZA MECANIZADA DE CAMADA VEGETAL, VEGETAÇÃO E PEQUENAS ÁRVORES (DIÂMETRO DE TRONCO MENOR QUE 0,20 M), COM TRATOR DE ESTEIRAS. AF_03/2024 | E51: Supressão Vegetal | G51: m² | H51: 1 | I51: 0.67 | J51: 0.67
A52: Composição Auxiliar | B52: 89031 | C52: SINAPI | D52: TRATOR DE ESTEIRAS, POTÊNCIA 100 HP, PESO OPERACIONAL 9,4 T, COM LÂMINA 2,19 M3 - CHI DIURNO. AF_06/2014 | E52: Custos Horários Produtivo e Improdutivo dos Equipamentos | G52: CHI | H52: 0.0029 | I52: 75.89 | J52: 0.22
A53: Composição Auxiliar | B53: 88441 | C53: SINAPI | D53: JARDINEIRO COM ENCARGOS COMPLEMENTARES | E53: Livro SINAPI: Cálculos e Parâmetros | G53: H | H53: 0.0046 | I53: 24.53 | J53: 0.11
A54: Composição Auxiliar | B54: 89032 | C54: SINAPI | D54: TRATOR DE ESTEIRAS, POTÊNCIA 100 HP, PESO OPERACIONAL 9,4 T, COM LÂMINA 2,19 M3 - CHP DIURNO. AF_06/2014 | E54: Custos Horários Produtivo e Improdutivo dos Equipamentos | G54: CHP | H54: 0.0017 | I54: 202.01 | J54: 0.34
E55: MO sem LS => | F55: 0.14 | G55: LS => | H55: 0 | I55: MO com LS => | J55: 0.14
E56: Valor do BDI => | F56: 0.15 | H56: Valor com BDI => | J56: 0.82
A58: 1.2.2 | B58: Código | C58: Banco | D58: Descrição | E58: Tipo | G58: Und | H58: Quant. | I58: Valor Unit | J58: Total
A59: Composição | B59: COMPOSIÇÃO 01 | C59: Próprio | D59: ATERRO INCLUINDO CARGA, DESCARGA E TRANSPORTE | E59: MOVT - MOVIMENTO DE TERRA | G59: m³ | H59: 1 | I59: 126.6 | J59: 126.6
A60: Composição Auxiliar | B60: 95875 | C60: SINAPI | D60: TRANSPORTE COM CAMINHÃO BASCULANTE DE 10 M³, EM VIA URBANA PAVIMENTADA, DMT ATÉ 30 KM (UNIDADE: M3XKM). AF_07/2020 | E60: Transporte, Carga e Descarga de Materiais | G60: M3XKM | H60: 20 | I60: 2.58 | J60: 51.6
A61: Insumo | B61: 00000368 | C61: SINAPI | D61: AREIA PARA ATERRO - POSTO JAZIDA/FORNECEDOR (RETIRADO NA JAZIDA, SEM TRANSPORTE) | E61: Material | G61: m³ | H61: 1.25 | I61: 60 | J61: 75
E62: MO sem LS => | F62: 4.8 | G62: LS => | H62: 0 | I62: MO com LS => | J62: 4.8
E63: Valor do BDI => | F63: 29.59 | H63: Valor com BDI => | J63: 156.19
A65: 1.2.3 | B65: Código | C65: Banco | D65: Descrição | E65: Tipo | G65: Und | H65: Quant. | I65: Valor Unit | J65: Total
A66: Composição | B66: 96386 | C66: SINAPI | D66: EXECUÇÃO E COMPACTAÇÃO DE CORPO DE ATERRO (95% DE ENERGIA DO PROCTOR NORMAL) COM SOLO PREDOMINANTEMENTE ARENOSO ESPESSURA 15CM - EXCLUSIVE MATERIAL, ESCAVAÇÃO, CARGA E TRANSPORTE. AF_09/2024 | E66: Aterros, Bases, Sub bases e Imprimações | G66: m³ | H66: 1 | I66: 6.63 | J66: 6.63
A67: Composição Auxiliar | B67: 88316 | C67: SINAPI | D67: SERVENTE COM ENCARGOS COMPLEMENTARES | E67: Livro SINAPI: Cálculos e Parâmetros | G67: H | H67: 0.0154259 | I67: 23.48 | J67: 0.36
A68: Composição Auxiliar | B68: 5934 | C68: SINAPI | D68: MOTONIVELADORA POTÊNCIA BÁSICA LÍQUIDA (PRIMEIRA MARCHA) 125 HP, PESO BRUTO 13032 KG, LARGURA DA LÂMINA DE 3,7 M - CHI DIURNO. AF_06/2014 | E68: Custos Horários Produtivo e Improdutivo dos Equipamentos | G68: CHI | H68: 0.0109146 | I68: 94.55 | J68: 1.03
A69: Composição Auxiliar | B69: 5903 | C69: SINAPI | D69: CAMINHÃO PIPA 10.000 L TRUCADO, PESO BRUTO TOTAL 23.000 KG, CARGA ÚTIL MÁXIMA 15.935 KG, DISTÂNCIA ENTRE EIXOS 4,8 M, POTÊNCIA 230 CV, INCLUSIVE TANQUE DE AÇO PARA TRANSPORTE DE ÁGUA - CHI DIURNO. AF_06/2014 | E69: Custos Horários Produtivo e Improdutivo dos Equipamentos | G69: CHI | H69: 0.0111688 | I69: 74.53 | J69: 0.83
A70: Composição Auxiliar | B70: 96463 | C70: SINAPI | D70: ROLO COMPACTADOR DE PNEUS, ESTÁTICO, PRESSÃO VARIÁVEL, POTÊNCIA 110 HP, PESO SEM/COM LASTRO 10,8/27 T, LARGURA DE ROLAGEM 2,30 M - CHP DIURNO. AF_06/2017 | E70: Custos Horários Produtivo e Improdutivo dos Equipamentos | G70: CHP | H70: 0.0031484 | I70: 228.08 | J70: 0.71
A71: Composição Auxiliar | B71: 5901 | C71: SINAPI | D71: CAMINHÃO PIPA 10.000 L TRUCADO, PESO BRUTO TOTAL 23.000 KG, CARGA ÚTIL MÁXIMA 15.935 KG, DISTÂNCIA ENTRE EIXOS 4,8 M, POTÊNCIA 230 CV, INCLUSIVE TANQUE DE AÇO PARA TRANSPORTE DE ÁGUA - CHP DIURNO. AF_06/2014 | E71: Custos Horários Produtivo e Improdutivo dos Equipamentos | G71: CHP | H71: 0.004257 | I71: 330.47 | J71: 1.4
A72: Composição Auxiliar | B72: 5932 | C72: SINAPI | D72: MOTONIVELADORA POTÊNCIA BÁSICA LÍQUIDA (PRIMEIRA MARCHA) 125 HP, PESO BRUTO 13032 KG, LARGURA DA LÂMINA DE 3,7 M - CHP DIURNO. AF_06/2014 | E72: Custos Horários Produtivo e Improdutivo dos Equipamentos | G72: CHP | H72: 0.0045112 | I72: 256.47 | J72: 1.15
A73: Composição Auxiliar | B73: 96464 | C73: SINAPI | D73: ROLO COMPACTADOR DE PNEUS, ESTÁTICO, PRESSÃO VARIÁVEL, POTÊNCIA 110 HP, PESO SEM/COM LASTRO 10,8/27 T, LARGURA DE ROLAGEM 2,30 M - CHI DIURNO. AF_06/2017 | E73: Custos Horários Produtivo e Improdutivo dos Equipamentos | G73: CHI | H73: 0.0122774 | I73: 93.99 | J73: 1.15
E74: MO sem LS => | F74: 1.13 | G74: LS => | H74: 0 | I74: MO com LS => | J74: 1.13
E75: Valor do BDI => | F75: 1.55 | H75: Valor com BDI => | J75: 8.18
A77: 1.3.1 | B77: Código | C77: Banco | D77: Descrição | E77: Tipo | G77: Und | H77: Quant. | I77: Valor Unit | J77: Total
A78: Composição | B78: 94268 | C78: SINAPI | D78: GUIA (MEIO-FIO) E SARJETA CONJUGADOS DE CONCRETO, MOLDADA IN LOCO EM TRECHO CURVO COM EXTRUSORA, 45 CM BASE (15 CM BASE DA GUIA + 30 CM BASE DA SARJETA) X 22 CM ALTURA. AF_01/2024 | E78: Guias e sarjetas | G78: M | H78: 1 | I78: 75.3 | J78: 75.3
A79: Composição Auxiliar | B79: 88243 | C79: SINAPI | D79: AJUDANTE ESPECIALIZADO COM ENCARGOS COMPLEMENTARES | E79: Livro SINAPI: Cálculos e Parâmetros | G79: H | H79: 0.166 | I79: 24.3 | J79: 4.03
A80: Composição Auxiliar | B80: 88631 | C80: SINAPI | D80: ARGAMASSA TRAÇO 1:4 (EM VOLUME DE CIMENTO E AREIA MÉDIA ÚMIDA), PREPARO MANUAL. AF_08/2019 | E80: Argamassas | G80: m³ | H80: 0.0033 | I80: 788.4 | J80: 2.6
A81: Composição Auxiliar | B81: 92961 | C81: SINAPI | D81: MÁQUINA EXTRUSORA DE CONCRETO PARA GUIAS E SARJETAS, MOTOR A DIESEL, POTÊNCIA 14 CV - CHI DIURNO. AF_12/2015 | E81: Custos Horários Produtivo e Improdutivo dos Equipamentos | G81: CHI | H81: 0.1383 | I81: 5.38 | J81: 0.74
A82: Composição Auxiliar | B82: 88316 | C82: SINAPI | D82: SERVENTE COM ENCARGOS COMPLEMENTARES | E82: Livro SINAPI: Cálculos e Parâmetros | G82: H | H82: 0.5664 | I82: 23.48 | J82: 13.29
A83: Composição Auxiliar | B83: 88309 | C83: SINAPI | D83: PEDREIRO COM ENCARGOS COMPLEMENTARES | E83: Livro SINAPI: Cálculos e Parâmetros | G83: H | H83: 0.2832 | I83: 28.51 | J83: 8.07
A84: Composição Auxiliar | B84: 92960 | C84: SINAPI | D84: MÁQUINA EXTRUSORA DE CONCRETO PARA GUIAS E SARJETAS, MOTOR A DIESEL, POTÊNCIA 14 CV - CHP DIURNO. AF_12/2015 | E84: Custos Horários Produtivo e Improdutivo dos Equipamentos | G84: CHP | H84: 0.0277 | I84: 19.98 | J84: 0.55
A85: Insumo | B85: 00034492 | C85: SINAPI | D85: CONCRETO USINADO BOMBEAVEL, CLASSE DE RESISTENCIA C20, COM BRITA 0 E 1, SLUMP = 100 +/- 20 MM, EXCLUI SERVICO DE BOMBEAMENTO (NBR 8953) | E85: Material | G85: m³ | H85: 0.0673 | I85: 657.5 | J85: 44.24
A86: Insumo | B86: 00000370 | C86: SINAPI | D86: AREIA MEDIA - POSTO JAZIDA/FORNECEDOR (RETIRADO NA JAZIDA, SEM TRANSPORTE) | E86: Material | G86: m³ | H86: 0.0149 | I86: 120 | J86: 1.78
E87: MO sem LS => | F87: 15.83 | G87: LS => | H87: 0 | I87: MO com LS => | J87: 15.83
E88: Valor do BDI => | F88: 17.6 | H88: Valor com BDI => | J88: 92.9
A90: 1.4.1.1 | B90: Código | C90: Banco | D90: Descrição | E90: Tipo | G90: Und | H90: Quant. | I90: Valor Unit | J90: Total
A91: Composição | B91: 10042 | C91: ORSE | D91: Fornecimento e instalação de grama sintética 42mm, alta durabilidade, cor verde, proteção raios UV e luz solar, incluso cola, type, areia tratada, borracha e mão de obra especializada | E91: Paisagismo | G91: m² | H91: 1 | I91: 61.9 | J91: 61.9
A92: Item | B92: Código | C92: Banco | D92: Descrição | E92: Tipo | G92: Und | H92: Quant. | I92: Valor Unit | J92: Total
A93: Insumo | B93: 10505 | C93: ORSE | D93: Fornecimento e instalação de grama sintética 42mm, alta durabilidade, cor verde, proteção raios UV e luz solar, incluso cola, type, areia tratada, borracha e mão de obra especializada | E93: Serviços | G93: m² | H93: 1 | I93: 61,90 | J93: 61,90
A94: Detalhamento de Cálculo ORSE
A95: Item | B95: Código | C95: Banco | D95: Descrição | E95: Tipo | G95: Und | H95: Quant. | I95: Valor Unit | J95: Total
A96: Insumo | B96: 10505 | C96: ORSE | D96: Fornecimento e instalação de grama sintética 42mm, alta durabilidade, cor verde, proteção raios UV e luz solar, incluso cola, type, areia tratada, borracha e mão de obra especializada | E96: Serviços | G96: m² | H96: 1 | I96: 61,90 | J96: 61,90
E97: MO sem LS => | F97: 0 | G97: LS => | H97: 0 | I97: MO com LS => | J97: 0
E98: Valor do BDI => | F98: 14.47 | H98: Valor com BDI => | J98: 76.37
A100: 1.4.1.2 | B100: Código | C100: Banco | D100: Descrição | E100: Tipo | G100: Und | H100: Quant. | I100: Valor Unit | J100: Total
A101: Composição | B101: 100324 | C101: SINAPI | D101: LASTRO COM MATERIAL GRANULAR (PEDRA BRITADA N.1 E PEDRA BRITADA N.2), APLICADO EM PISOS OU LAJES SOBRE SOLO, ESPESSURA DE *10 CM*. AF_01/2024 | E101: Lastro | G101: m³ | H101: 1 | I101: 361.08 | J101: 361.08
A102: Composição Auxiliar | B102: 91278 | C102: SINAPI | D102: PLACA VIBRATÓRIA REVERSÍVEL COM MOTOR 4 TEMPOS A GASOLINA, FORÇA CENTRÍFUGA DE 25 KN (2500 KGF), POTÊNCIA 5,5 CV - CHI DIURNO. AF_08/2015 | E102: Custos Horários Produtivo e Improdutivo dos Equipamentos | G102: CHI | H102: 0.03 | I102: 0.78 | J102: 0.02
A103: Composição Auxiliar | B103: 88309 | C103: SINAPI | D103: PEDREIRO COM ENCARGOS COMPLEMENTARES | E103: Livro SINAPI: Cálculos e Parâmetros | G103: H | H103: 1.579 | I103: 28.51 | J103: 45.01
A104: Composição Auxiliar | B104: 88316 | C104: SINAPI | D104: SERVENTE COM ENCARGOS COMPLEMENTARES | E104: Livro SINAPI: Cálculos e Parâmetros | G104: H | H104: 0.634 | I104: 23.48 | J104: 14.88
A105: Composição Auxiliar | B105: 91277 | C105: SINAPI | D105: PLACA VIBRATÓRIA REVERSÍVEL COM MOTOR 4 TEMPOS A GASOLINA, FORÇA CENTRÍFUGA DE 25 KN (2500 KGF), POTÊNCIA 5,5 CV - CHP DIURNO. AF_08/2015 | E105: Custos Horários Produtivo e Improdutivo dos Equipamentos | G105: CHP | H105: 0.032 | I105: 10.5 | J105: 0.33
A106: Insumo | B106: 00004718 | C106: SINAPI | D106: PEDRA BRITADA N. 2 (19 A 38 MM) POSTO PEDREIRA/FORNECEDOR, SEM FRETE | E106: Material | G106: m³ | H106: 0.595 | I106: 253.48 | J106: 150.82
A107: Insumo | B107: 00004721 | C107: SINAPI | D107: PEDRA BRITADA N. 1 (9,5 A 19 MM) POSTO PEDREIRA/FORNECEDOR, SEM FRETE | E107: Material | G107: m³ | H107: 0.595 | I107: 252.15 | J107: 150.02
E108: MO sem LS => | F108: 38.17 | G108: LS => | H108: 0 | I108: MO com LS => | J108: 38.17
E109: Valor do BDI => | F109: 84.42 | H109: Valor com BDI => | J109: 445.5
A111: 1.4.1.3 | B111: Código | C111: Banco | D111: Descrição | E111: Tipo | G111: Und | H111: Quant. | I111: Valor Unit | J111: Total
...

Sheet ITENS DE MAIOR RELEVÂNCIA
A1: #VALUE!
A2: SECRETARIA MUNICIPAL DE DESENVOLVIMENTO ECONÔMICO, PROJETOS E CONVÊNIOS
A4: OBRA: REQUALIFICAÇÃO URBANA NO BAIRRO CASTANHEIRA
A5: LOCAL: BAIRRO CASTANHEIRA-BREVES-PA
A6: REF. DE PREÇOS: SEOP 10/2025 - ORSE 09/2025 - SINAPI 09/2025 - NÃO DESONERADO
A8: ITENS DE MAIOR RELEVÂNCIA | G8: QUALIFICAÇÃO PROFISSIONAL
A9: Código do item | B9: DESCRIÇÃO | C9: UN | D9: QTD TOTAL | E9: PESO FINANCEIRO(%) | F9: QTD MIN. EXIGIDA (50%) | G9: PROFISSIONAL C/ CAPACIDADE TÉCNICA EXIGIDO
A10: 92394 | B10: EXECUÇÃO DE PAVIMENTO EM PISO INTERTRAVADO, COM BLOCO SEXTAVADO DE 25 X 25 CM, ESPESSURA 8 CM. AF_10/2022 | C10: m² | D10: 1.507,17 | E10: 19,90 | F10: =D10*0.5 -> 753.585 | G10: ENGENHEIRO(A) CIVIL OU ARQUITETO(A)
A11: 102363 | B11: ALAMBRADO PARA QUADRA POLIESPORTIVA, ESTRUTURADO POR TUBOS DE ACO GALVANIZADO, (MONTANTES COM DIAMETRO 2", TRAVESSAS E ESCORAS COM DIÂMETRO 1 ¼"), COM TELA DE ARAME GALVANIZADO, FIO 12 BWG E MALHA QUADRADA 5X5CM (EXCETO MURETA). AF_03/2021 | C11: m² | D11: 358,26 | E11: 8,39 | F11: =D11*0.5 -> 179.13 | G11: ENGENHEIRO(A) CIVIL OU ARQUITETO(A)
A12: 010003 | B12: Tapume c/ chapa de madeirit plastificado e=15mm (h=2.20m) | C12: m² | D12: 399,54 | E12: 8,32 | F12: =D12*0.5 -> 199.77 | G12: ENGENHEIRO(A) CIVIL OU ARQUITETO(A)
A13: COMPOSIÇÃO 01 | B13: ATERRO INCLUINDO CARGA, DESCARGA E TRANSPORTE | C13: m³ | D13: 478,8 | E13: 7,46 | F13: =D13*0.5 -> 239.4 | G13: ENGENHEIRO(A) CIVIL OU ARQUITETO(A)

Sheet ENCARGOS SOCIAIS
A2: #VALUE!
A4: OBRA: REQUALIFICAÇÃO URBANA NO BAIRRO CASTANHEIRA
A5: LOCAL: BAIRRO CASTANHEIRA-BREVES-PA
A6: REF. DE PREÇOS: SEOP 10/2025 - ORSE 09/2025 - SINAPI 09/2025 - NÃO DESONERADO
E7: BDI : | F7: 23.38
E8: =[1]Orçamento!I9 -> BDI : (%)
A10: LEIS SOCIAIS SOBRE A MÃO DE OBRA
A11: CÓDIGO | B11: DESCRIÇÃO | C11: COM DESONERAÇÃO | E11: SEM DESONERAÇÃO
C12: HORISTA (%) | D12: MENSALISTA (%) | E12: HORISTA (%) | F12: MENSALISTA (%)
A13: GRUPO A
A14: A1 | B14: INSS | C14: 0.05 | D14: 0.05 | E14: 0.2 | F14: 0.2
A15: A2 | B15: SESI | C15: 0.015 | D15: 0.015 | E15: 0.015 | F15: 0.015
A16: A3 | B16: SENAI | C16: 0.01 | D16: 0.01 | E16: 0.01 | F16: 0.01
A17: A4 | B17: INCRA | C17: 0.002 | D17: 0.002 | E17: 0.002 | F17: 0.002
A18: A5 | B18: SEBRAE | C18: 0.006 | D18: 0.006 | E18: 0.006 | F18: 0.006
A19: A6 | B19: SALÁRIO EDUCAÇÃO | C19: 0.025 | D19: 0.025 | E19: 0.025 | F19: 0.025
A20: A7 | B20: SEGURO CONTRA ACIDENTES DE TRABALHO | C20: 0.03 | D20: 0.03 | E20: 0.03 | F20: 0.03
A21: A8 | B21: FGTS | C21: 0.08 | D21: 0.08 | E21: 0.08 | F21: 0.08
A22: A9 | B22: SECONCI | C22: 0 | D22: 0 | E22: 0 | F22: 0
A23: A | B23: TOTAL | C23: =SUM(C14:C22) -> 0.218 | D23: =SUM(D14:D22) -> 0.218 | E23: =SUM(E14:E22) -> 0.368 | F23: =SUM(F14:F22) -> 0.368
A24: GRUPO B
A25: B1 | B25: REPOUSO SEMANAL REMUNERADO | C25: 0.1813 | D25: xxxxxxxxxxxxxxx | E25: 0.1813 | F25: xxxxxxxxxxxxxxx
A26: B2 | B26: FERIADOS | C26: 0.0416 | D26: xxxxxxxxxxxxxxx | E26: 0.0416 | F26: xxxxxxxxxxxxxxx
A27: B3 | B27: AUXÍLIO ENFERMIDADE | C27: 0.0087 | D27: 0.0065 | E27: 0.0087 | F27: 0.0065
A28: B4 | B28: 13º SALÁRIO | C28: 0.1122 | D28: 0.0833 | E28: 0.1122 | F28: 0.0833
A29: B5 | B29: LICENÇA PATERNIDADE | C29: 0.0007 | D29: 0.0005 | E29: 0.0007 | F29: 0.0005
A30: B6 | B30: FALTAS JUSTIFICADAS | C30: 0.0075 | D30: 0.0056 | E30: 0.0075 | F30: 0.0056
A31: B7 | B31: DIAS DE CHUVA | C31: 0.0283 | D31: xxxxxxxxxxxxxxx | E31: 0.0283 | F31: xxxxxxxxxxxxxxx
A32: B8 | B32: AUXÍLIO ACIDENTE DE TRABALHO | C32: 0.001 | D32: 0.0007 | E32: 0.001 | F32: 0.0007
A33: B9 | B33: FÉRIAS GOZADAS | C33: 0.1282 | D33: 0.0953 | E33: 0.1282 | F33: 0.0953
A34: B10 | B34: SALÁRIO MATERNIDADE | C34: 0.0003 | D34: 0.0003 | E34: 0.0003 | F34: 0.0003
A35: B | B35: TOTAL | C35: =SUM(C25:C34) -> 0.5098 | D35: =SUM(D25:D34) -> 0.1922 | E35: =SUM(E25:E34) -> 0.5098 | F35: =SUM(F25:F34) -> 0.1922
A36: GRUPO C
A37: C1 | B37: AVISO PRÉVIO INDENIZADO | C37: 0.0581 | D37: 0.0432 | E37: 0.0581 | F37: 0.0432
A38: C2 | B38: AVISO PRÉVIO TRABALHADO | C38: 0.0014 | D38: 0.001 | E38: 0.0014 | F38: 0.001
A39: C3 | B39: FÉRIAS INDENIZADAS | C39: 0.0177 | D39: 0.0131 | E39: 0.0177 | F39: 0.0131
A40: C4 | B40: DEPÓSOTO DE RECISÃO SEM JUSTA CAUSA | C40: 0.0296 | D40: 0.022 | E40: 0.0296 | F40: 0.022
A41: C5 | B41: INDENIZAÇÃO ADICIONAL | C41: 0.0049 | D41: 0.0036 | E41: 0.0049 | F41: 0.0036
A42: C | B42: TOTAL | C42: =SUM(C37:C41) -> 0.1117 | D42: =SUM(D37:D41) -> 0.0829 | E42: =SUM(E37:E41) -> 0.1117 | F42: =SUM(F37:F41) -> 0.0829
A43: GRUPO D
A44: D1 | B44: REINCIDÊNCIA DO GRUPO "A" SOBRE O GRUPO "B" | C44: 0.1055 | D44: 0.0377 | E44: 0.1876 | F44: 0.0707
A45: D2 | B45: TRABALHO E REINCIDÊNCIA DE FGTS SOBRE AVISO PRÉVIO INDENIZADO | C45: 0.005 | D45: 0.0037 | E45: 0.0052 | F45: 0.0038
A46: D | B46: TOTAL | C46: =SUM(C44:C45) -> 0.1105 | D46: =SUM(D44:D45) -> 0.0414 | E46: =SUM(E44:E45) -> 0.1928 | F46: =SUM(F44:F45) -> 0.0745
A47: TOTAL (A + B + C + D) | C47: =C23+C35+C42+C46 -> 0.95 | D47: =D23+D35+D42+D46 -> 0.5345 | E47: =E23+E35+E42+E46 -> 1.1823 | F47: =F23+F35+F42+F46 -> 0.7176
